 Dungeon Crawl Stone Soup version 0.32-a0-886-g41c5271027 (webtiles) character file.

Game seed: 8629774836341235109

1447213 HilariousDeathArtist the Slayer (level 27, -2/352 HPs)
             Began as a Mountain Dwarf Ice Elementalist on Mar 29, 2024.
             Was the Champion of Cheibriados.
             Killed by a royal mummy's death curse (28 damage)
             ... on level 3 of the Tomb of the Ancients on Apr 2, 2024.
             The game lasted 04:20:05 (141641 turns).

HilariousDeathArtist the Slayer (MDIE)            Turns: 141641, Time: 04:20:05

Health: -2/352     AC: 42    Str: 33    XL:     27
Magic:  24/54      EV: 27    Int: 46    God:    Cheibriados [******]
Gold:   9848       SH: 34    Dex: 21    Spells: 7/62 levels left

rFire   + . .        a - +9 eveningstar (holy)
rCold   + + .        u - +8 tower shield of Jyritrov {Regen+ Str+2}
rNeg    + + .        c - melded +0 plate armour "Toexited" {rN+++ Regen+ rCorr}
rPois   ∞            x - +0 mask of the Dragon {Will+ Slay+3 SInv}
rElec   +            l - +2 cloak of Zudiv {Regen+ Str+4 Dex-4}
rCorr   +            z - melded +2 pair of gloves of Pojy {rF+ Regen+ Str+3 Dex-4}
SInv    +            L - melded +2 pair of boots {Stlth+}
Will    +++..        t - amulet of regeneration
Stlth   ++++++++     V - ring of Xom's Regard {rCorr MP+9 Int+4 Slay+2}
HPRegen 3.18/turn    p - ring of Zataso {Wiz rF+ rC++ Will- Stlth+}
MPRegen 0.34/turn

%: wizardry (x1)
@: mighty, statue-form, marked, studying Long Blades, very slow
A: slow and powerful, torment resistance 1, boosted hp, runic magic, artefact
enchanting, (iridescent scales 1), dopey 1, sturdy frame 1
}: 15/15 runes: decaying, serpentine, slimy, silver, golden, iron, obsidian,
icy, bone, abyssal, demonic, glowing, magical, fiery, dark
a: Begin Untransformation, Renounce Religion, Bend Time, Temporal Distortion,
Slouch, Step From Time


You were on level 3 of the Tomb of the Ancients.
You worshipped Cheibriados.
Cheibriados was exalted by your worship.
You were a living statue of rough stone.
You visited 17 branches of the dungeon, and saw 86 of its levels.
You visited Pandemonium 3 times, and saw 21 of its levels.
You visited the Abyss 1 time.
You visited 1 bazaar.
You also visited: Trove, Bailey, Gauntlet and Volcano.

You collected 15918 gold pieces.
You spent 6070 gold pieces at shops.

Inventory:

Hand Weapons
 a - a +9 eveningstar of holy wrath (weapon)
   (You subdued it on level 2 of the Elven Halls)
 b - the +1 eveningstar "Brilliance" {foul flame, Umbra}
   (You acquired it in Pandemonium)

   Umbra:     It surrounds you with an aura of shadow, increasing your stealth
   and reducing the accuracy of all others within it.
Armour
 c - the +0 plate armour "Toexited" (melded) {rN+++ Regen+ rCorr}
   (You found it on level 7 of the Iron City of Dis)

   rN+++:     It renders you almost immune to negative energy.
   Regen+:    It increases your rate of health regeneration.
   rCorr:     It protects you from acid and corrosion.
 l - the +2 cloak of Zudiv (worn) {Regen+ Str+4 Dex-4}
   (You found it in Pandemonium)

   Str+4:     It affects your strength (+4).
   Dex-4:     It affects your dexterity (-4).
   Regen+:    It increases your rate of health regeneration.
 u - the +8 tower shield of Jyritrov (worn) {Regen+ Str+2}
   (You acquired it on level 2 of the Orcish Mines)

   Str+2:     It affects your strength (+2).
   Regen+:    It increases your rate of health regeneration.
 x - the +0 mask of the Dragon (worn) {Will+ Slay+3 SInv}
   (You found it on level 5 of the Vaults)

   Slay+3:    It affects your accuracy & damage with ranged weapons and melee
   (+3).
   Will+:     It increases your willpower.
   SInv:      It lets you see invisible.
 z - the +2 pair of gloves of Pojy (melded) {rF+ Regen+ Str+3 Dex-4}
   (You found it in a Gauntlet)

   Str+3:     It affects your strength (+3).
   Dex-4:     It affects your dexterity (-4).
   rF+:       It protects you from fire.
   Regen+:    It increases your rate of health regeneration.
 L - a +2 pair of boots of stealth (melded)
   (You found it in a Gauntlet)
Jewellery
 i - the amulet "Jaseb" {Spirit +Inv Int+3 Dex+4 Slay+3}
   (You took it off a deep elf demonologist on level 3 of the Elven Halls)

   [amulet of guardian spirit]

   Spirit:    It causes incoming damage to be divided between your reserves of
   health and magic.
   Int+3:     It affects your intelligence (+3).
   Dex+4:     It affects your dexterity (+4).
   Slay+3:    It affects your accuracy & damage with ranged weapons and melee
   (+3).
   +Inv:      It lets you turn invisible.
 p - the ring of Zataso (right fist) {Wiz rF+ rC++ Will- Stlth+}
   (You found it on level 7 of Gehenna)

   [ring of wizardry]

   Wiz:       It improves your spell success rate.
   rF+:       It protects you from fire.
   rC++:      It greatly protects you from cold.
   Will-:     It decreases your willpower.
   Stlth+:    It makes you more stealthy.
 t - an amulet of regeneration (around neck)
   (You took it off a tengu reaver on level 5 of the Vaults)
 A - the ring of the Quahog {rF+ rN+ AC+4}
   (You bought it in a shop on level 2 of the Orcish Mines)

   [ring of protection]

   AC+4:      It affects your AC (+4).
   rF+:       It protects you from fire.
   rN+:       It protects you from negative energy.
 V - the ring of Xom's Regard (left fist) {rCorr MP+9 Int+4 Slay+2}
   (You found it on level 7 of Gehenna)

   [ring of magical power]

   Int+4:     It affects your intelligence (+4).
   Slay+2:    It affects your accuracy & damage with ranged weapons and melee
   (+2).
   MP+9:      It affects your magic capacity (+9).
   rCorr:     It protects you from acid and corrosion.
 X - a ring of resist corrosion
   (You took it off a royal mummy on level 1 of the Tomb of the Ancients)
 Z - the amulet of Nigo {-Tele Harm rC+ Regen+ Str+5}
   (You found it on level 3 of the Crypt)

   [amulet of regeneration]

   Str+5:     It affects your strength (+5).
   rC+:       It protects you from cold.
   -Tele:     It prevents most forms of teleportation.
   Regen+:    It increases your rate of health regeneration.
   Harm:      It increases damage dealt and taken.
Talismans
 C - the granite talisman of Anaesthesia (active) {rN+ Will+ Stlth+}
   (You found it on level 3 of the Elven Halls)

   [granite talisman]

   rN+:       It protects you from negative energy.
   Will+:     It increases your willpower.
   Stlth+:    It makes you more stealthy.
Wands
 d - a wand of digging (17)
   (You found it in Pandemonium)
 e - a wand of paralysis (95)
   (You found it on level 9 of the Dungeon)
 h - a wand of warping (138)
   (You took it off Dowan on level 5 of the Dungeon)
 w - a wand of quicksilver (44)
   (You took it off Maurice on level 7 of the Dungeon)
 y - a wand of mindburst (163)
   (You found it on level 4 of the Dungeon)
Scrolls
 f - 7 scrolls of revelation
 j - a scroll of brand weapon
 q - 10 scrolls of fog
 s - 8 scrolls of butterflies
 D - 9 scrolls of blinking {!r}
 E - 14 scrolls of fear
 K - 14 scrolls of immolation {!r}
 O - 7 scrolls of silence
 Y - 32 scrolls of teleportation {@r3}
Potions
 k - 3 potions of enlightenment
 o - 10 potions of magic
 r - 3 potions of cancellation
 B - 21 potions of brilliance
 G - 5 potions of ambrosia {!q}
 H - 19 potions of haste
 I - 6 potions of invisibility
 J - 28 potions of curing {@q1}
 M - 6 potions of might
 N - 8 potions of heal wounds {@q2}
 P - 17 potions of lignification {!q}
 R - 4 potions of resistance
 U - 5 potions of mutation {!q}
Miscellaneous
 g - a tin of tremorstones (2/2)
   (You found it on level 2 of the Crypt)
 m - a phantom mirror
   (You found it on level 3 of the Depths)
 n - the horn of Geryon
   (You took it off Geryon in the Vestibule of Hell)
 v - a lightning rod (4/4)
   (You found it on level 2 of the Crypt)
 F - a phial of floods
   (You found it on level 5 of the Vaults)
 T - a sack of spiders
   (You found it on level 2 of the Crypt)


   Skills:
 - Level 26.9 Fighting
 - Level 4.8 Short Blades
 - Level 18.0(20.5) Axes
 - Level 16.8(20.0) Maces & Flails
 - Level 26.0 Armour
 - Level 20.0 Dodging
 - Level 15.0 Stealth
 - Level 26.9 Shields
 - Level 18.0 Spellcasting
 + Level 18.1 Summonings
 + Level 20.2 Translocations
 - Level 3.6 Ice Magic
 + Level 22.2 Invocations
 + Level 23.8 Evocations
 + Level 26.2 Shapeshifting


You had 7 spell levels left.
You knew the following spells:

 Your Spells              Type           Power      Damage    Failure   Level
a - Gell's Gavotte        Tloc           61%        2d(39-58) 0%          6
b - Blink                 Tloc           100%       N/A       0%          2
c - Malign Gateway        Summ/Tloc      60%        N/A       1%          7
d - Freeze                Ice            100%       1d10      1%          1
e - Manifold Assault      Tloc           61%        N/A       1%          7
f - Summon Forest         Summ/Tloc      60%        N/A       0%          5
g - Apportation           Tloc           100%       N/A       0%          1
h - Disjunction           Tloc           61%        N/A       1%          8
i - Passage of Golubria   Tloc           100%       N/A       0%          4
s - Maxwell's Portable P  Tloc           100%       2d(15-43) 0%          3
x - Summon Horrible Thin  Summ           59%        N/A       1%          8
z - Frozen Ramparts       Ice            100%       1d16      1%          3

Your spell library contained the following spells:

 Spells                   Type           Power      Damage    Failure   Level
 Summon Small Mammal      Summ           100%       N/A       0%          1
 Lesser Beckoning         Tloc           100%       N/A       0%          2
 Momentum Strike          Conj/Tloc      100%       3d10      0%          2
 Call Canine Familiar     Summ           100%       N/A       0%          3
 Summon Ice Beast         Ice/Summ       96%        N/A       0%          3
 Teleport Other           Tloc           100%       N/A       0%          3
 Dispersal                Tloc           61%        N/A       0%          6
 Kiss of Death            Conj/Necr      100%       2d13      1%          1
 Necrotise                Necr           100%       1d9       1%          1
 Sandblast                Erth           82%        2d17      1%          1
 Shock                    Conj/Air       100%       1d9       1%          1
 Slow                     Hex            100%       N/A       1%          1
 Sting                    Conj/Alch      100%       1d9       1%          1
 Cigotuvi's Dreadful Rot  Necr/Alch/Air  82%        N/A       1%          2
 Ensorcelled Hibernation  Hex/Ice        100%       N/A       1%          2
 Mercury Vapours          Alch/Air       82%        N/A       1%          2
 Scorch                   Fire           82%        2d8       1%          2
 Static Discharge         Conj/Air       82%        3-7/arc   1%          2
 Confusing Touch          Hex            41%        N/A       1%          3
 Dazzling Flash           Conj/Hex       82%        N/A       1%          3
 Fugue of the Fallen      Necr           41%        N/A       1%          3
 Hailstorm                Conj/Ice       55%        3d11      1%          3
 Inner Flame              Hex/Fire       41%        N/A       1%          3
 Mephitic Cloud           Conj/Alch/Air  41%        N/A       1%          3
 Ozocubu's Armour         Ice            65%        N/A       1%          3
 Passwall                 Erth           41%        N/A       1%          3
 Sigil of Binding         Hex            41%        N/A       1%          3
 Stone Arrow              Conj/Erth      82%        3d12      1%          3
 Swiftness                Air            41%        N/A       1%          3
 Tukima's Dance           Hex            41%        N/A       1%          3
 Vampiric Draining        Necr           41%        2d8       1%          3
 Volatile Blastmotes      Fire/Tloc      100%       2d18      1%          3
 Airstrike                Air            20%        2d(3-19)  1%          4
 Animate Armour           Summ/Erth      100%       N/A       1%          4
 Animate Dead             Necr           41%        N/A       1%          4
 Brom's Barrelling Bould  Conj/Erth      41%        2d6       1%          4
 Cause Fear               Hex            20%        N/A       1%          4
 Dimensional Bullseye     Hex/Tloc       47%        N/A       1%          4
 Dispel Undead            Necr           41%        3d16      1%          4
 Flame Wave               Conj/Fire      41%        2d11      1%          4
 Fulminant Prism          Conj/Alch      20%        3d12      1%          4
 Ignite Poison            Fire/Alch      41%        N/A       1%          4
 Iskenderun's Mystic Bla  Conj/Tloc      94%        2d18      (+2d11%     4
 Leda's Liquefaction      Alch/Erth      20%        N/A       1%          4
 Martyr's Knell           Necr/Summ      90%        N/A       1%          4
 Petrify                  Alch/Erth      41%        N/A       1%          4
 Sticky Flame             Fire/Alch      41%        2d8       1%          4
 Summon Blazeheart Golem  Fire/Summ      90%        N/A       1%          4
 Summon Lightning Spire   Summ/Air       90%        N/A       1%          4
 Vhi's Electric Charge    Tloc/Air       100%       N/A       1%          4
 Summon Mana Viper        Hex/Summ       90%        N/A       1%          5
 Summon Cactus Giant      Summ           59%        N/A       1%          6
 Summon Hydra             Summ           59%        N/A       1%          7
 Metabolic Englaciation   Hex/Ice        27%        N/A       2%          5
 Freezing Cloud           Conj/Ice/Air   25%        6-21      3%          5
 Haunt                    Necr/Summ      45%        N/A       4%          7
 Spellforged Servitor     Conj/Summ      45%        N/A       4%          7
 Alistair's Intoxication  Alch           27%        N/A       6%          5
 Arcjolt                  Conj/Air       20%        1d30      6%          5
 Borgnjor's Vile Clutch   Necr/Erth      20%        N/A       6%          5
 Curse of Agony           Necr           41%        N/A       6%          5
 Fireball                 Conj/Fire      20%        3d10      6%          5
 Irradiate                Conj/Alch      20%        3d18      6%          5
 Iskenderun's Battlesphe  Conj           41%        2d9       6%          5
 Lee's Rapid Deconstruct  Erth           20%        3d12*     6%          5
 Silence                  Hex/Air        20%        N/A       6%          5
 Yara's Violent Unravell  Hex/Alch       20%        3d9       6%          5
 Permafrost Eruption      Ice/Erth       27%        2x4d7     16%         6
 Sculpt Simulacrum        Ice/Alch       27%        N/A       16%         6
 Bombard                  Conj/Erth      20%        9d4       30%         6
 Conjure Ball Lightning   Conj/Air       20%        3x3d6     30%         6
 Death Channel            Necr           20%        N/A       30%         6
 Eringya's Noxious Bog    Alch           20%        4d6       30%         6
 Plasma Beam              Fire/Air       20%        2x1d32    30%         6
 Starburst                Conj/Fire      20%        6d7       30%         6
 Enfeeble                 Hex            20%        N/A       83%         7
 Orb of Destruction       Conj           20%        9d8       83%         7
 Dragon's Call            Summ           59%        N/A       12%         9
 Borgnjor's Revivificati  Necr           20%        N/A       100%        8
 Discord                  Hex            20%        N/A       100%        8
 Ignition                 Fire           20%        3d7       100%        8
 Lehudib's Crystal Spear  Conj/Erth      20%        10d6      100%        8
 Maxwell's Capacitive Co  Air            20%        ∞         100%        8
 Chain Lightning          Conj/Air       20%        3d27      100%        9
 Fire Storm               Conj/Fire      20%        8d5       100%        9
 Shatter                  Erth           20%        3d18*     100%        9
 Sublimation of Blood     Necr           Unusable   N/A       N/A         2

Dungeon Overview and Level Annotations

Branches:
Dungeon (15/15)            Temple (0/1) D:5            Lair (5/5) D:9
  Swamp (4/4) Lair:3        Snake (4/4) Lair:2        Slime (5/5) Lair:4
    Orc (2/2) D:10            Elf (3/3) Orc:2        Vaults (5/5) D:13
  Crypt (3/3) Vaults:3       Tomb (3/3) Crypt:3      Depths (4/4) D:15
   Hell (visited)             Dis (7/7) Hell            Geh (7/7) Hell
    Coc (7/7) Hell            Tar (7/7) Hell            Zot (5/5) Depths:4
 Bailey (visited)         Volcano (visited)         Gauntlet (visited)

Altars:
Ashenzari
Cheibriados
Fedhas
Gozag
Kikubaaqudgha
Makhleb
Nemelex Xobeh
Qazlal
Ru
Sif Muna
Trog
Uskayaw
Vehumet
Wu Jian
Xom
Yredelemnul
The Shining One
Beogh

Shops:
D:14 *   Orc:2 =?[*   Elf:1 =:=[   Elf:3 !   Depths:3 ?

Portals:
Hell: Depths:1 Depths:2 Depths:3 Depths:4
Abyss: Depths:3
Pandemonium: Orc:2 Depths:1 Depths:2 Depths:3
Ziggurat: Depths:1

Annotations:
D:6 2 transporters, Lysca's ghost, novice BaSu
Swamp:1 Roxanne
Elf:1 3 runed translucent doors, Couxach's ghost, adept DjFE; Cuucabuana's ghost, veteran MiGl; Hempoxt's ghost, adept HuAE


Innate Abilities, Weirdness & Mutations

You are a living statue of rough stone.
Your actions are slow, but your melee attacks are powerful.
You are resistant to unholy torment.
Your maximum health is greatly increased.
Your equipment is partially melded.
You are immune to poison.
Your spellcasting is much less encumbered by armour.
You can use scrolls of enchantment on lesser artefacts.
((You are partially covered in iridescent scales. (AC +2)))
You are dopey. (Int -2)
Your movements are slightly less encumbered by armour. (ER -2)


Message History

A royal mummy is wielding a +3 short sword of draining.
A malevolent force fills the Tomb of the Ancients...
With a horrendous wail, an alarm goes off!
A sentinel's mark forms upon you.
You hear a faint skittering sound.
You regained 5 hp, and now have 74/352 hp.
You now have 43/54 mp.
Okay, then.
You feel very mighty all of a sudden.
You feel ready to blink again.
The royal mummy gestures wildly while chanting.
A mummy priest comes into view.
The mummy closely misses you.
You regained 5 hp, and now have 79/352 hp.
Space momentarily warps into an impossible shape!
You bludgeon the royal mummy!!
The royal mummy convulses!!
You bludgeon the emperor scorpion!! You pound the mummy like an anvil!!!
You destroy the mummy!
You perforate the emperor scorpion like a sieve!!!!
You kill the emperor scorpion!
The emperor scorpion's corpse disappears in a puff of smoke!
You skewer the mummy priest like a kebab!!!
The mummy priest convulses!
You impale the royal mummy!!
The royal mummy convulses!
You spit the mummy like a pig!!!
You destroy the mummy!
You skewer the death scarab like a kebab!!!
You destroy the death scarab!
The death scarab's corpse disappears in a puff of smoke!
You hit the emperor scorpion but do no damage.
You block the emperor scorpion's attack. x3
The royal mummy barely misses you.
You regained 3 hp, and now have 82/352 hp.
You now have 37/54 mp.
You impale the royal mummy!!
The royal mummy convulses!!
You block the emperor scorpion's attack. x3
A mummy priest comes into view.
The mummy priest calls on the powers of darkness!
The emperor scorpion convulses!
Your body is wracked with pain!
* * * LOW HITPOINT WARNING * * *
The emperor scorpion convulses! x2
You block the emperor scorpion's attack.
The emperor scorpion completely misses you.
The emperor scorpion claws you but does no damage.
The royal mummy calls on the powers of darkness!
The emperor scorpion convulses!
Your body is wracked with pain!
* * * LOW HITPOINT WARNING * * *
The emperor scorpion convulses! x3
The royal mummy mumbles some strange words.
You take 26 damage, and have 56/352 hp.
Unknown command.
Space momentarily warps into an impossible shape!
You beat the mummy priest like a drum!!!
You destroy the mummy priest!
You puncture the royal mummy!
The royal mummy convulses!
You sock the emperor scorpion! You impale the emperor scorpion!!
You impale the death scarab!!
The death scarab convulses!!
You destroy the death scarab!
The death scarab's corpse disappears in a puff of smoke!
You skewer the death scarab like a kebab!!!
You destroy the death scarab!
The death scarab's corpse disappears in a puff of smoke!
You hit the royal mummy but do no damage.
You hit the emperor scorpion.
You feel extremely nervous for a moment...
You smell decay.
You block the death scarab's attack.
You block the emperor scorpion's attack. x3
The mummy priest utters an invocation to its god.
The royal mummy casts a spell at you. Something smites you!
* * * LOW HITPOINT WARNING * * *
A guardian mummy comes into view.
The royal mummy hits you but does no damage.
You take 6 damage, and have 50/352 hp.
You now have 31/54 mp.
Space momentarily warps into an impossible shape!
You spit the royal mummy like a pig!!!
The royal mummy convulses!!!
You destroy the royal mummy!
Cheibriados appreciates the change of pace.
The emperor scorpion disappears in a puff of smoke! x3
The death scarab disappears in a puff of smoke!
You stick the guardian mummy like a pincushion!!!
You destroy the guardian mummy!
You perforate the guardian mummy like a sieve!!!
You destroy the guardian mummy!
You impale the mummy priest!!
You destroy the mummy priest!
The flayed ghost disappears in a puff of smoke!
You impale the royal mummy!!
The royal mummy convulses!
You feel extremely nervous for a moment...
Pain shoots through your body!
* * * LOW HITPOINT WARNING * * *
You feel extremely nervous for a moment...
Pain shoots through your body!
* * * LOW HITPOINT WARNING * * *
You feel extremely nervous for a moment...
Something just walked over your grave.
No, really!
You feel extremely nervous for a moment...
Pain shoots through your body!!
You die...
Cheibriados appreciates the motionlessness of death.

######### ######
......§§### ###...s..
....?M§I..###........
...§..§....#......M..
........§§.sM...^B.M.
..#####..........# .
###.....#### ##..^##
##.## ###


You could see 2 royal mummies and an emperor scorpion (summoned).

Vanquished Creatures
  Cerebov (Pan)
  Asmodeus (Geh:7)
  Antaeus (Coc:7)
  the Royal Jelly (Slime:5)
  Mnoleg (Pan)
  Gloorx Vloq (Pan)
  Ereshkigal (Tar:7)
  the Serpent of Hell (Geh:7)
  A seraph (Pan)
  Lom Lobon (Pan)
  Frederick (Vaults:2)
  13 dread liches
  Khufu (Crypt:3)
  5 orbs of fire
  Dispater (Dis:7)
  13 ancient liches
  Mara (Snake:4)
  Mennas (Pan)
  21 royal mummies
  13 shard shrikes
  8 Killer Klowns
  49 caustic shrikes
  Margery (Crypt:2)
  Vashnia (Snake:4)
  Boris (thrice) (Vaults:1 Vaults:5 Depths:1)
  Saint Roka (Snake:4)
  the Lernaean hydra (Swamp:4)
  Vv (Crypt:1)
  8 golden dragons
  Geryon (Hell)
  12 profane servitors
  Norris (Depths:2)
  14 doom hounds
  2 pearl dragons (Pan)
  16 bone dragons
  16 Brimstone Fiends
  A spectral shard shrike (Tar:2)
  11 iron giants
  3 electric golems
  26 hellephants
  Rupert (Orc:2)
  10 pandemonium lords (Pan)
  11 tentacled monstrosities
  39 Tzitzimimeh
  Jorgrun (Orc:1)
  Zenata (Crypt:2)
  83 Ice Fiends
  42 Hell Sentinels
  Grunn (Crypt:2)
  24 tainted leviathans
  10 liches
  25 Orb Guardians (Zot:5)
  A deep elf blademaster (Elf:3)
  Mlioglotl (Snake:1)
  A walking divine tome (Depths:2)
  A walking frostbound tome (Pan)
  28 searing wretches
  9 quicksilver dragons
  7 titans
  A deep elf master archer (Elf:3)
  14 acid blobs
  Kirke (D:12)
  14 sphinxes
  10 death cobs
  29 ancient champions
  54 Executioners (Pan)
  10 shadow dragons
  Aizul (Snake:1)
  4 tengu reavers
  9 rockslimes (Slime:5)
  2 revenants
  11 nagarajas
  10 protean progenitors
  13 storm dragons
  15 daevas
  4 draconian monks
  6 azure jellies
  3 fenstrider witches
  15 narguns
  17 fire giants
  3 draconian shifters
  12 demonspawn warmongers (Pan)
  A draconian knight (Zot:5)
  11 frost giants
  15 quicksilver elementals
  3 ghost moths
  64 balrugs
  2 spectral caustic shrikes
  Louise (Swamp:1)
  A juggernaut zombie (Crypt:2)
  7 deep elf sorcerers
  4 draconian scorchers
  An orc warlord (Orc:2)
  7 curse skulls
  3 iron dragons
  A spriggan defender (Depths:3)
  2 deep elf elementalists (Elf:3)
  7 vault wardens
  52 reapers
  3 draconian stormcallers
  15 shard shrike simulacra
  30 angels (Pan)
  24 cacodemons (Pan)
  16 demonspawn corrupters (Pan)
  3 formless jellyfish
  14 caustic shrike skeletons
  15 very ugly things
  3 ghouls
  14 ironbound preservers
  5 draconian annihilators
  34 demonspawn blood saints (Pan)
  11 ophanim (Pan)
  10 green draconians
  14 juggernaut skeletons (Pan)
  12 quicksilver oozes
  29 apis (Pan)
  2 eleionomae
  5 ironbound thunderhulks
  25 demonspawn black suns (Pan)
  8 vampire knights
  32 putrid mouths
  8 stone giants
  10 deep elf demonologists
  10 deep elf death magi
  3 minotaurs
  7 dire elephants
  8 yellow draconians
  25 elemental wellsprings
  15 wendigos
  5 purple draconians
  11 deep elf annihilators
  5 black draconians
  6 spark wasps
  8 bennus
  64 lorocyprocas (Pan)
  4 bunyips
  40 war gargoyles
  14 red draconians
  33 green deaths (Pan)
  16 iron golems
  9 white draconians
  65 blizzard demons
  9 eidola
  25 jiangshi
  3 merfolk impalers
  13 ettins
  23 mummy priests
  6 fire dragons
  Josephine (D:10)
  A crystal guardian (Vaults:3)
  An entropy weaver (shapeshifter) (D:13)
  2 shambling mangroves
  3 entropy weavers
  8 deep elf high priests
  18 yaktaur captains
  3 rakshasas
  2 peacekeepers
  3 spriggan zombies
  9 great orbs of eyes
  6 ice dragons
  A quicksilver dragon skeleton (Abyss:4)
  16 caustic shrike simulacra
  10 salamander tyrants
  15 hydras
  An ogre mage (Orc:1)
  A ghost crab (Swamp:2)
  5 juggernaut simulacra
  32 vault guards
  8 death knights
  6 anacondas
  13 alligators
  4 catoblepae
  A fenstrider witch skeleton (Crypt:1)
  A jorogumo (Pan)
  5 hell beasts (Pan)
  30 dancing weapons
  2 spriggan air magi
  An azure jelly zombie (Crypt:2)
  7 ironbound frosthearts
  A spriggan skeleton (Tomb:1)
  A bennu zombie (Crypt:1)
  80 death scarabs
  10 centaur warriors
  10 boulder beetles
  14 two-headed ogres
  3 tengu warriors
  117 demonic crawlers (Pan)
  9 stokers
  8 deep troll earth magi
  12 naga warriors
  7 deep troll shamans
  9 naga sharpshooters
  33 hell hogs
  12 vampire magi
  An Orb Guardian skeleton (Crypt:1)
  5 shock serpents
  202 soul eaters
  3 spriggan berserkers
  A shock serpent (shapeshifter) (Depths:3)
  A spectral dire elephant (Crypt:3)
  29 hell knights
  Sonja (D:11)
  3 occultists
  4 orc high priests (Orc:2)
  10 death yaks
  22 deep elf knights
  3 spectral emperor scorpions (Pan)
  219 sun demons
  Nergalle (D:12)
  A spectral bunyip (Tar:2)
  2 wretched stars
  Amaemon (Lair:3)
  8 crystal echidnas
  48 sixfirhies
  7 salamander mystics
  A sea snake (Zot:3)
  5 goliath frogs
  4 skysharks (Depths:2)
  50 shadow wraiths
  15 hellephant skeletons (Pan)
  5 quicksilver dragon simulacra
  39 skeletal warriors
  An orb spider (shapeshifter) (Vaults:5)
  A bunyip zombie (Crypt:3)
  5 iron trolls
  9 spectral anacondas (Tar:5)
  38 shadow demons
  52 deep trolls
  19 cherubim (Pan)
  6 arcanists
  8 bog bodies
  7 spriggan druids
  2 sea snakes (shapeshifter)
  19 swamp dragons
  3 glowing orange brains
  A spectral iron dragon (Tar:2)
  17 deep elf archers
  9 sun moths (Pan)
  7 flayed ghosts
  3 obsidian statues
  8 mana vipers
  10 phantasmal warriors
  5 thermic dynamos
  14 ironbound convokers
  6 spriggan simulacra
  4 harpies (Vaults:2)
  5 lindwurms
  2 obsidian bats (Orc:2)
  7 naga ritualists
  7 orc knights
  39 deep elf zephyrmancers
  A harpy (shapeshifter) (Elf:1)
  43 deep elf pyromancers
  8 necromancers
  A wolf spider zombie (D:15)
  A wolf spider (Pan)
  5 manticores
  46 ugly things
  4 shining eyes (Slime:5)
  11 cyclopes
  A human zombie (Vaults:4)
  2 will-o-the-wisps
  12 orc sorcerers
  6 lightning spires (Abyss:4)
  A stone giant zombie (Tomb:1)
  25 moths of wrath
  An alligator skeleton (Crypt:1)
  4 Executioner simulacra (Pan)
  141 large abominations
  A stone giant skeleton (Vaults:4)
  2 steelbarb worms (shapeshifter)
  Maurice (D:7)
  3 elephants (Zot:2)
  2 fauns (Pan)
  2 guardian serpents (Snake:3)
  25 salamanders
  14 rust devils
  2 kobold blastminers (Orc:1)
  A centaur zombie (Tomb:1)
  35 black mambas
  A spectral alligator snapping turtle (Crypt:3)
  A frost giant skeleton (Vaults:4)
  10 naga magi
  5 ice statues (Pan)
  4 molten gargoyles
  5 eyes of devastation
  An elephant slug zombie (Crypt:2)
  213 smoke demons
  5 gargoyles
  A dire elephant zombie (Tomb:2)
  9 cane toads
  16 vault sentinels
  6 centaur skeletons
  48 orange demons
  6 titan simulacra
  4 torpor snails
  A naga skeleton (Tomb:1)
  7 komodo dragons
  3 kobold demonologists
  88 tormentors
  6 unseen horrors
  A death yak zombie (Crypt:2)
  55 hellions
  14 ice devils
  7 rime drakes
  4 anaconda simulacra
  A red draconian zombie (Crypt:2)
  A bunyip simulacrum (Coc:2)
  A rime drake (shapeshifter) (D:13)
  3 tengu conjurers
  An ancient zyme (Abyss:4)
  9 efreet (Pan)
  11 freezing wraiths
  A pale draconian skeleton (Crypt:1)
  41 guardian mummies
  A silent spectre (Tar:6)
  A golden dragon simulacrum (Coc:7)
  3 iron giant simulacra
  3 harpy zombies
  2 spectral nagas
  A queen bee (shapeshifter) (Elf:1)
  17 red devils
  26 yaktaurs
  8 trolls
  A polar bear (Lair:5)
  79 hellwings
  An alligator simulacrum (Hell)
  Grinder (D:3)
  10 tyrant leeches
  9 raiju
  7 blink frogs
  7 glass eyes
  2 stone giant simulacra (Coc:2)
  A tengu simulacrum (Coc:2)
  4 hornets
  A hydra skeleton (Tomb:2)
  A harpy skeleton (Crypt:1)
  4 dream sheep (Lair:2)
  An ettin zombie (Tomb:1)
  2 iron dragon simulacra
  2 ettin skeletons
  106 slime creatures
  A spriggan (Swamp:2)
  3 centaur simulacra
  140 ynoxinuls
  9 water elementals
  7 air elementals
  7 ushabtiu
  11 wraiths
  62 yaks
  22 shadows
  2 vampires
  12 dire elephant simulacra
  2 hogs (D:12)
  6 wyverns
  A wyvern (shapeshifter) (Elf:1)
  5 basilisks
  5 fire elementals
  6 humans (Zot:2)
  4 fire bats (Pan)
  A redback (Vaults:5)
  79 neqoxecs
  2 steam dragons
  8 vampire mosquitoes (Swamp:1)
  232 chaos spawn (Pan)
  5 wargs
  A naga zombie (Tomb:2)
  A deep troll zombie (Crypt:2)
  16 swamp worms
  41 nagas
  A fire bat zombie (Crypt:2)
  A faun zombie (Crypt:2)
  2 acid dragons
  23 harpy simulacra
  A human skeleton (Vaults:4)
  A hydra simulacrum (Coc:7)
  Duvessa (D:5)
  10 water moccasins
  2 black bears
  A glowing shapeshifter skeleton (Vaults:4)
  2 ice beasts
  8 swamp drakes
  41 orc warriors
  A black mamba simulacrum (Coc:1)
  5 ettin simulacra
  An ice beast (shapeshifter) (Abyss:4)
  7 ogres
  7 small abominations
  28 laughing skulls
  20 centaurs
  10 wolves
  5 boggarts (Vaults:1)
  A weeping skull (Crypt:3)
  6 kobold brigands
  2 gnoll sergeants
  16 bullfrogs
  2 earth elementals
  7 scorpions
  4 naga simulacra
  8 wights (D:9)
  Dowan (D:5)
  5 burial acolytes
  A shapeshifter skeleton (Crypt:2)
  5 electric eels
  5 howler monkeys
  7 vampire bats (Bailey)
  3 wolf zombies (Bailey)
  A raiju skeleton (Crypt:1)
  2 bombardier beetles
  3 jellies
  3 hounds
  2 gnoll boudas (D:6)
  26 orc priests
  Crazy Yiuf (D:3)
  A sleepcap (D:7)
  5 iguanas
  Natasha (thrice) (D:4)
  20 orc wizards
  4 hell rats (Hell)
  A boggart skeleton (D:13)
  56 mummies
  21 gnolls
  8 adders
  2 shadow imps
  4 ufetubi
  3 ribbon worms
  2 dart slugs (D:2)
  82 orcs
  4 ball pythons
  15 endoplasms
  3 giant cockroaches
  7 hobgoblins
  9 jackals
  4 quokkas
  3 bats
  3 frilled lizards
  A frilled lizard skeleton (Crypt:2)
  11 goblins
  22 kobolds
  22 orc zombies (Bailey)
  8 rats
  2 aspiring fleshes (Pan)
  4 ball lightnings (Pan)
  5 creeping infernos
  11 fire vortices
  A lurking horror (Abyss:4)
  A spectral weapon (Swamp:1)
5928 creatures vanquished.

Vanquished Creatures (collateral kills)
  Ignacio (Pan)
  A royal mummy (Tomb:2)
  A Brimstone Fiend (Pan)
  2 Ice Fiends (Coc:7)
  2 titans (Coc:7)
  An eldritch tentacle (Pan)
  A protean progenitor (Pan)
  A draconian stormcaller (Zot:3)
  3 cacodemons (Pan)
  A red draconian (Zot:3)
  A wendigo (Coc:7)
  A caustic shrike simulacrum (Coc:7)
  A sixfirhy (Pan)
  2 sea snakes (Zot:3)
  A necromancer (Crypt:2)
  A moth of wrath (Zot:3)
  An eye of devastation (Pan)
  4 guardian mummies
  2 glass eyes (Pan)
  A dire elephant simulacrum (Coc:7)
  An ushabti (Tomb:2)
  A neqoxec (Pan)
  A chaos spawn (Pan)
  A mummy (Tomb:2)
  2 fire vortices (Pan)
35 creatures vanquished.

Vanquished Creatures (others)
  2 pandemonium lords (Pan)
  Asterion (Snake:1)
  2 walking frostbound tomes (Pan)
  3 eldritch tentacles (Pan)
  A demonspawn warmonger (Pan)
  2 nagarajas (Pan)
  A balrug (Pan)
  6 demonspawn blood saints (Pan)
  A deep elf annihilator (Elf:3)
  A blizzard demon (Pan)
  A caustic shrike simulacrum (Coc:4)
  A vampire mage (Crypt:2)
  A sun demon (Pan)
  A deep elf knight (Elf:2)
  A hell knight (Hell)
  A soul eater (Pan)
  2 quicksilver dragon simulacra (Coc:7)
  A spriggan simulacrum (Coc:4)
  A deep elf zephyrmancer (Elf:1)
  A naga mage (Snake:4)
  3 smoke demons
  A centaur skeleton (D:13)
  An anaconda simulacrum (Coc:7)
  A golden dragon simulacrum (Coc:4)
  2 hellwings (Pan)
  2 bloated husks
  4 ynoxinuls (Pan)
  A naga simulacrum (Coc:4)
  A wraith (Crypt:1)
  A chaos spawn (Depths:1)
  A harpy simulacrum (Coc:3)
  2 laughing skulls (Abyss:4)
  An ogre (D:6)
  An orc (Orc:1)
  3 kobolds (D:12)
  13 ball lightnings (Pan)
  A fire vortex (Pan)
  16 foxfires
86 creatures vanquished.

Grand Total: 6049 creatures vanquished

Notes
Turn   | Place    | Note
-------+----------+-------------------------------------------
     0 | D:1      | HilariousDeathArtist the Mountain Dwarf Ice Elementalist
                  | began the quest for the Orb.
     0 | D:1      | Reached XP level 1. HP: 14/14 MP: 3/3
   121 | D:1      | HP: 2/15 [quokka (2)]
   126 | D:1      | Reached skill level 2 in Spellcasting
   126 | D:1      | HP: 3/15 [frilled lizard (1)]
   192 | D:1      | Reached skill level 1 in Fighting
   263 | D:1      | Reached XP level 2. HP: 9/23 MP: 0/5
   899 | D:1      | Found a faded altar of an unknown god.
   902 | D:1      | Prayed at the altar of an unknown god.
   902 | D:1      | Became a worshipper of Cheibriados the Contemplative
   902 | D:1      | Reached * piety under Cheibriados
  1195 | D:1      | Reached skill level 2 in Fighting
  1311 | D:2      | Reached XP level 3. HP: 29/29 MP: 3/6
  1315 | D:2      | Learned a level 3 spell: Frozen Ramparts
  1501 | D:2      | Identified the +9 rapier "Marreap" {freeze, rElec Will-
                  | rCorr Int+2}
  1510 | D:2      | Reached ** piety under Cheibriados
  1531 | D:2      | Reached XP level 4. HP: 34/37 MP: 7/7
  1844 | D:2      | Learned a level 2 spell: Blink
  1853 | D:3      | Reached skill level 3 in Fighting
  1853 | D:3      | Reached skill level 2 in Dodging
  2106 | D:3      | Reached skill level 1 in Short Blades
  2279 | D:3      | Noticed Grinder
  2285 | D:3      | Paralysed by Grinder for 3 turns
  2294 | D:3      | Killed Grinder
  2295 | D:3      | Reached skill level 4 in Fighting
  2295 | D:3      | Reached skill level 2 in Short Blades
  2295 | D:3      | Reached XP level 5. HP: 17/46 MP: 8/8
  2295 | D:3      | Reached XP level 6. HP: 20/52 MP: 9/9
  2652 | D:3      | Found a runed translucent door.
  2653 | D:3      | Noticed Crazy Yiuf
  2832 | D:3      | Killed Crazy Yiuf
  2953 | D:4      | Reached *** piety under Cheibriados
  3055 | D:4      | Reached skill level 3 in Dodging
  3249 | D:4      | Noticed Natasha
  3251 | D:4      | Killed Natasha
  3252 | D:4      | Reached XP level 7. HP: 52/60 MP: 10/10
  3285 | D:4      | Noticed Natasha
  3290 | D:4      | Killed Natasha
  3347 | D:4      | Noticed Natasha
  3351 | D:4      | Killed Natasha
  3548 | D:4      | Reached **** piety under Cheibriados
  3673 | D:5      | Entered Level 5 of the Dungeon
  3685 | D:5      | Found a staircase to the Ecumenical Temple.
  3690 | D:5      | Reached skill level 5 in Fighting
  3690 | D:5      | Reached skill level 3 in Short Blades
  3690 | D:5      | Reached skill level 1 in Invocations
  3823 | D:5      | Reached skill level 1 in Evocations
  3862 | D:5      | Reached skill level 2 in Invocations
  4011 | D:5      | Reached skill level 2 in Evocations
  4187 | D:5      | HP: 14/61 [orc wizard/puff of flame (8)]
  4189 | D:5      | Reached XP level 8. HP: 14/69 MP: 11/11
  4382 | D:5      | Reached skill level 3 in Invocations
  4456 | D:5      | Identified the +0 leather armour of Eqolol {*Slow Will+
                  | Str+5 Int+2}
  4523 | D:5      | Reached skill level 4 in Dodging
  4538 | D:5      | Reached skill level 6 in Fighting
  4538 | D:5      | Reached skill level 3 in Evocations
  4629 | D:5      | Noticed Duvessa
  4629 | D:5      | Noticed Dowan
  4632 | D:5      | Killed Duvessa
  4633 | D:5      | Reached skill level 4 in Short Blades
  4633 | D:5      | Reached skill level 4 in Invocations
  4633 | D:5      | Killed Dowan
  4823 | D:6      | HP: 10/70 [something (16)]
  5239 | D:6      | Noticed Lysca's ghost (novice BaSu)
  5314 | D:6      | Found a transporter.
  5481 | D:6      | Reached ***** piety under Cheibriados
  5482 | D:6      | Reached skill level 4 in Evocations
  5500 | D:6      | Reached skill level 5 in Invocations
  5500 | D:6      | Reached XP level 9. HP: 74/78 MP: 12/12
  5639 | D:6      | Found a burning altar of Makhleb.
  5761 | D:6      | Found a transporter.
  5829 | D:6      | Found a blossoming altar of Fedhas.
  5829 | D:6      | Found a bloodstained altar of Trog.
  5829 | D:6      | Found an ornate altar of the Wu Jian Council.
  5829 | D:6      | Found a shimmering altar of Xom.
  5837 | D:6      | Found a sparkling altar of Nemelex Xobeh.
  5842 | D:6      | Found a shimmering blue altar of Sif Muna.
  6229 | D:7      | Noticed Maurice
  6236 | D:7      | Killed Maurice
  6237 | D:7      | Reached skill level 7 in Fighting
  6380 | D:7      | Reached skill level 1 in Axes
  6380 | D:7      | Reached skill level 6 in Invocations
  6380 | D:7      | Reached skill level 5 in Evocations
  6424 | D:7      | Found a hide-covered altar of Uskayaw.
  6424 | D:7      | Found a radiant altar of Vehumet.
  6442 | D:7      | Reached skill level 5 in Dodging
  6729 | D:7      | Found an opulent altar of Gozag.
  6847 | D:7      | Reached skill level 2 in Axes
  7506 | D:8      | Found a glowing golden altar of the Shining One.
  7619 | D:8      | Noticed a two-headed ogre
  7629 | D:8      | Killed a two-headed ogre
  7630 | D:8      | Reached skill level 3 in Axes
  7630 | D:8      | Reached skill level 7 in Invocations
  7630 | D:8      | Reached XP level 10. HP: 39/88 MP: 15/15
  7911 | D:8      | Reached skill level 8 in Fighting
  7911 | D:8      | Reached skill level 6 in Evocations
  8422 | D:9      | Identified a scroll of acquirement
  8422 | D:9      | Acquired a +1 executioner's axe of freezing
  8492 | D:9      | Reached skill level 4 in Axes
  8503 | D:9      | Found a staircase to the Lair.
  8700 | D:9      | Reached skill level 8 in Invocations
  8718 | D:9      | Found a flagged portal.
  8755 | Bailey   | Entered a bailey
  8886 | Bailey   | Reached skill level 5 in Axes
  8886 | Bailey   | Reached skill level 6 in Dodging
  8893 | Bailey   | Reached ****** piety under Cheibriados
  8950 | Bailey   | Noticed a gargoyle
  8953 | Bailey   | Killed a gargoyle
  8954 | Bailey   | Reached skill level 7 in Evocations
  8979 | Bailey   | Identified the +5 dagger "Cop Ashrato" {heavy, rElec rF-
                  | Dex+2}
  9126 | D:9      | Reached skill level 9 in Fighting
  9128 | D:9      | Reached XP level 11. HP: 97/97 MP: 17/17
  9238 | D:9      | Found a stormy altar of Qazlal.
  9491 | D:9      | Reached skill level 9 in Invocations
  9494 | D:9      | Reached skill level 6 in Axes
  9792 | D:10     | Entered Level 10 of the Dungeon
  9825 | D:10     | Noticed Josephine
  9835 | D:10     | Killed Josephine
  9848 | D:10     | Reached skill level 8 in Evocations
  9955 | D:10     | Found a portal to a secret trove of treasure.
  9985 | Trove    | Entered a treasure trove
 10002 | Trove    | Identified the amulet of Beogh's Hope {Rampage RegenMP+
                  | Int+4}
 10004 | Trove    | Identified the ring of Omotob {MP+9 SInv}
 10006 | Trove    | Identified the ring of the Platytaur {rC+ Str+6 SInv}
 10028 | Trove    | Identified the +11 war axe "Hydraslayer" {flame, rElec rN+}
 10129 | D:10     | Noticed a two-headed ogre
 10138 | D:10     | Killed a two-headed ogre
 10266 | D:10     | Found a broken altar of Ashenzari.
 10439 | D:10     | Reached skill level 7 in Axes
 10624 | D:10     | Found a staircase to the Orcish Mines.
 10951 | D:11     | Reached skill level 1 in Armour
 10951 | D:11     | Reached skill level 1 in Shields
 11001 | D:11     | Reached skill level 10 in Invocations
 11208 | D:11     | HP: 23/99 [centaur/arrow (5)]
 11208 | D:11     | HP: 6/99 [manticore (6)]
 11212 | D:11     | Reached skill level 10 in Fighting
 11213 | D:11     | Reached skill level 2 in Armour
 11213 | D:11     | Reached skill level 2 in Shields
 11458 | D:11     | Noticed Sonja
 11470 | D:11     | Killed Sonja
 11471 | D:11     | Reached skill level 8 in Axes
 11471 | D:11     | Reached skill level 7 in Dodging
 11493 | D:11     | Noticed a two-headed ogre
 11502 | D:11     | Killed a two-headed ogre
 11503 | D:11     | Reached XP level 12. HP: 88/106 MP: 19/19
 11606 | D:11     | Noticed a two-headed ogre
 11615 | D:11     | HP: 24/106 [burnt (7)]
 11622 | D:11     | Killed a two-headed ogre
 12001 | D:12     | Noticed a boulder beetle
 12012 | D:12     | HP: 26/106 [fire elemental[a deep elf pyromancer] (3)]
 12012 | D:12     | HP: 6/106 [boulder beetle (20)]
 12019 | D:12     | Noticed Kirke
 12020 | D:12     | Killed a boulder beetle
 12021 | D:12     | Reached skill level 3 in Armour
 12021 | D:12     | Reached skill level 3 in Shields
 12023 | D:12     | Gained mutation: You have hidden genetic potential. [potion
                  | of mutation]
 12023 | D:12     | Gained mutation: You have an increased reservoir of magic.
                  | (+10% MP) [potion of mutation]
 12044 | D:12     | Noticed a two-headed ogre
 12052 | D:12     | Killed a two-headed ogre
 12052 | D:12     | Noticed a two-headed ogre
 12053 | D:12     | Reached skill level 9 in Axes
 12062 | D:12     | Killed a two-headed ogre
 12063 | D:12     | Reached skill level 9 in Evocations
 12074 | D:12     | Killed Kirke
 12195 | D:12     | Reached skill level 4 in Armour
 12195 | D:12     | Reached skill level 11 in Invocations
 12290 | D:12     | Reached skill level 4 in Shields
 12395 | D:12     | Reached skill level 10 in Axes
 12486 | D:12     | Noticed a two-headed ogre
 12487 | D:12     | Noticed Nergalle
 12493 | D:11     | Killed a two-headed ogre
 12570 | D:12     | Killed Nergalle
 13016 | Lair:1   | Entered Level 1 of the Lair of Beasts
 13106 | Lair:1   | Reached skill level 11 in Fighting
 13106 | Lair:1   | Reached skill level 5 in Armour
 13249 | Lair:1   | Reached XP level 13. HP: 116/116 MP: 23/23
 13640 | Lair:1   | Reached skill level 5 in Shields
 13660 | Lair:1   | Reached skill level 11 in Axes
 13676 | Lair:1   | Gained mutation: Your flesh is cold resistant. (rC+)
                  | [hidden potential]
 14141 | Lair:1   | Found the +4 skin of Zhor {*Englaciate rC+++ SInv}
 14582 | Lair:2   | Found a staircase to the Snake Pit.
 14622 | Lair:2   | Reached skill level 8 in Dodging
 14683 | Lair:2   | Reached skill level 6 in Armour
 15129 | Lair:3   | Found a staircase to the Swamp.
 15156 | Lair:3   | Noticed Amaemon
 15171 | Lair:3   | Killed Amaemon
 15172 | Lair:3   | Reached skill level 12 in Axes
 15173 | Lair:3   | Reached skill level 6 in Shields
 16239 | Lair:4   | Found a staircase to the Slime Pits.
 16594 | Lair:4   | Reached skill level 7 in Armour
 16665 | Lair:4   | Reached skill level 12 in Fighting
 16987 | Lair:4   | Reached skill level 13 in Axes
 16993 | Lair:4   | Reached XP level 14. HP: 126/126 MP: 24/24
 17368 | Lair:5   | Entered Level 5 of the Lair of Beasts
 17381 | Lair:5   | HP: 29/126 [eight-headed hydra (3)]
 17386 | Lair:5   | HP: 21/126 [poisoned by a black mamba]
 17394 | Lair:4   | HP: 15/126 [black mamba (7)]
 17663 | Lair:5   | Reached skill level 7 in Shields
 18082 | Lair:5   | Gained mutation: A frigid envelope surrounds you and
                  | freezes all who hurt you. [hidden potential]
 18082 | Lair:5   | Lost mutation: You have hidden genetic potential. [hidden
                  | potential expressed]
 18944 | Orc:1    | Entered Level 1 of the Orcish Mines
 19003 | Orc:1    | Reached skill level 8 in Armour
 19007 | Orc:1    | Reached skill level 14 in Axes
 19167 | Orc:1    | Found a dark tunnel.
 19190 | Volcano  | Entered a volcano
 19287 | Volcano  | Noticed an orb of fire
 19329 | Volcano  | Noticed an orb of fire
 19471 | Volcano  | Reached skill level 8 in Shields
 19572 | Orc:2    | Entered Level 2 of the Orcish Mines
 19592 | Orc:1    | Reached skill level 9 in Dodging
 19717 | Orc:1    | Noticed Jorgrun
 19740 | Orc:1    | Killed Jorgrun
 19868 | Orc:1    | Found a bloodstained altar of Trog.
 20041 | Orc:2    | Found Jenomai's General Store.
 20043 | Orc:2    | Found Jefo's Magic Scroll Emporium.
 20128 | Orc:2    | Bought a scroll of acquirement for 728 gold pieces
 20128 | Orc:2    | Bought a scroll of fog for 56 gold pieces
 20128 | Orc:2    | Bought a scroll of teleportation for 42 gold pieces
 20128 | Orc:2    | Bought a scroll of enchant armour for 105 gold pieces
 20128 | Orc:2    | Acquired the +6 tower shield of Jyritrov {Regen+ Str+2}
 20222 | Orc:2    | Found a staircase to the Elven Halls.
 20283 | Orc:2    | Reached skill level 13 in Fighting
 20283 | Orc:2    | Reached skill level 15 in Axes
 20301 | Orc:2    | Noticed Rupert
 20318 | Orc:2    | Killed Rupert
 20368 | Orc:2    | Noticed an orc warlord
 20373 | Orc:2    | Reached skill level 9 in Armour
 20384 | Orc:2    | Reached XP level 15. HP: 135/135 MP: 25/25
 20478 | Orc:2    | Found a roughly hewn altar of Beogh.
 20850 | Orc:2    | Paralysed by an orc sorcerer for 3 turns
 20866 | Orc:2    | Paralysed by an orc sorcerer for 2 turns
 20902 | Orc:2    | Reached skill level 9 in Shields
 20965 | Orc:2    | Found Dasedgh's Antique Armour Shop.
 20965 | Orc:2    | Found Ulamao's Jewellery Boutique.
 20966 | Orc:2    | Found a one-way gate leading to the halls of Pandemonium.
 21088 | Orc:2    | Bought the ring of the Quahog {rF+ rN+ AC+4} for 813 gold
                  | pieces
 21465 | D:13     | Reached skill level 16 in Axes
 21478 | D:13     | Identified the ring "Gef Enog" {Wiz Int+6 Dex-3}
 21917 | D:13     | Reached skill level 10 in Armour
 21950 | D:13     | Found a gate to the Vaults.
 22175 | D:14     | Found a gate leading to a gauntlet.
 22219 | Gauntlet | Entered a Gauntlet
 22219 | Gauntlet | Found a transporter.
 22219 | Gauntlet | Found a transporter.
 22219 | Gauntlet | Found a runed translucent door.
 22219 | Gauntlet | Found a runed translucent door.
 22231 | Gauntlet | Found a transporter.
 22234 | Gauntlet | Found a transporter.
 22251 | Gauntlet | Found a transporter.
 22253 | Gauntlet | Found a transporter.
 22293 | Gauntlet | Found a transporter.
 22295 | Gauntlet | Found a transporter.
 22295 | Gauntlet | Found a transporter.
 22309 | Gauntlet | Found a transporter.
 22327 | Gauntlet | Found a transporter.
 22337 | Gauntlet | Found a transporter.
 22351 | Gauntlet | Found a transporter.
 22371 | Gauntlet | Found a transporter.
 22425 | Gauntlet | Identified the +3 broad axe "Tipileij" {heavy, *Rage Fly
                  | rPois Dex+7}
 22466 | Gauntlet | Identified the +2 pair of gloves of Pojy {rF+ Regen+ Str+3
                  | Dex-4}
 22497 | Gauntlet | Identified the +4 glaive "Syota Yqust" {distort, rF+
                  | Stlth+}
 22533 | Gauntlet | Got Xoimeapla's Parchment of Heat and Iniquitous Ceremonies
 22535 | Gauntlet | Identified the +0 leather armour of Beyond {rF+ rN+}
 22538 | Gauntlet | Identified the +3 scale mail of Golden the Leaf {Dex+3}
 22541 | Gauntlet | Got the Elucidation of the Grisly Sphinx
 22804 | D:14     | Identified the +8 broad axe of Action {flame, rCorr Dex+2}
 22806 | D:14     | Found Immoushro's General Store.
 23001 | D:15     | Entered Level 15 of the Dungeon
 23301 | D:15     | Reached skill level 17 in Axes
 23301 | D:15     | Reached skill level 10 in Shields
 23301 | D:15     | Reached XP level 16. HP: 145/145 MP: 26/26
 23303 | D:15     | Reached skill level 14 in Fighting
 23334 | D:15     | Found a staircase to the Depths.
 23385 | D:15     | Reached skill level 10 in Dodging
 23847 | Orc:2    | Bought an amulet of regeneration for 450 gold pieces
 24064 | Swamp:1  | Entered Level 1 of the Swamp
 24312 | Swamp:1  | Noticed Roxanne
 24508 | Swamp:1  | Noticed Louise
 24528 | Swamp:1  | Killed Louise
 24743 | Swamp:2  | Reached skill level 11 in Armour
 25298 | Swamp:3  | Reached skill level 18 in Axes
 25668 | Swamp:3  | Identified the +10 falchion of Cauh {protect, Dex+6}
 25784 | Swamp:4  | Entered Level 4 of the Swamp
 25802 | Swamp:4  | Reached skill level 11 in Shields
 26199 | Swamp:4  | Noticed the 27-headed Lernaean hydra
 26208 | Swamp:4  | Killed the 25-headed Lernaean hydra
 26218 | Swamp:4  | Reached skill level 15 in Fighting
 26265 | Swamp:4  | Reached XP level 17. HP: 155/156 MP: 27/27
 26286 | Swamp:4  | Reached skill level 12 in Armour
 26286 | Swamp:4  | HP: 32/156 [??? (23)]
 26292 | Swamp:4  | HP: 37/156 [poisoned by a fenstrider witch (toxic sludge)]
 26406 | Swamp:4  | Got a decaying rune of Zot
 26840 | Snake:1  | Entered Level 1 of the Snake Pit
 27116 | Snake:1  | Reached skill level 12 in Shields
 27117 | Snake:1  | Reached skill level 11 in Dodging
 27263 | Snake:1  | Found a sacrificial altar of Ru.
 27281 | Snake:1  | Identified the serpent talisman of Supple Strength {Str+6}
 27281 | Snake:1  | Noticed Aizul
 27285 | Snake:1  | Noticed Asterion
 27298 | Snake:1  | Killed Aizul
 27306 | Snake:1  | Killed Asterion
 27355 | Snake:1  | Noticed Mlioglotl
 27375 | Snake:1  | Killed Mlioglotl
 28437 | Snake:3  | Reached skill level 13 in Armour
 28440 | Snake:3  | Reached skill level 1 in Translocations
 28499 | Snake:3  | Reached skill level 3 in Spellcasting
 28619 | Snake:3  | Reached skill level 16 in Fighting
 29021 | Snake:3  | Reached skill level 2 in Translocations
 29024 | Snake:3  | Found a sparkling altar of Nemelex Xobeh.
 29214 | Snake:3  | Reached skill level 13 in Shields
 29246 | Snake:3  | Reached XP level 18. HP: 163/166 MP: 28/28
 29660 | Snake:4  | Entered Level 4 of the Snake Pit
 29679 | Snake:4  | Noticed Saint Roka
 29714 | Snake:4  | Killed Saint Roka
 29827 | Snake:4  | Noticed Mara
 29833 | Snake:4  | Noticed HilariousDeathArtist's illusion
 29848 | Snake:4  | Killed Mara
 29896 | Snake:4  | Reached skill level 4 in Spellcasting
 29910 | Snake:4  | Noticed Vashnia
 29935 | Snake:4  | Reached skill level 3 in Translocations
 29968 | Snake:4  | Killed Vashnia
 30370 | Snake:4  | HP: 40/168 [constriction (7)]
 30375 | Snake:4  | HP: 37/168 [poisoned by a nagaraja (splash of poison)]
 30380 | Snake:4  | HP: 36/168 [poisoned by a nagaraja (splash of poison)]
 30510 | Snake:4  | Got a serpentine rune of Zot
 30862 | Vaults:1 | Entered Level 1 of the Vaults
 30877 | Vaults:1 | Learned a level 1 spell: Apportation
 30877 | Vaults:1 | Upgraded the game from 0.32-a0-871-ge202e49faa to
                  | 0.32-a0-876-gcfddb08e57
 30914 | Vaults:1 | You fall into a shaft and drop 1 floor!
 31036 | Vaults:2 | Identified the orb "Qacsoexze" {light, Rampage rF+}
 31036 | Vaults:2 | Noticed Frederick
 31065 | Vaults:2 | Killed Frederick
 31066 | Vaults:2 | Reached skill level 14 in Armour
 31338 | Vaults:2 | Reached skill level 5 in Spellcasting
 31338 | Vaults:2 | Reached skill level 4 in Translocations
 31338 | Vaults:2 | HP: 33/168 [yaktaur/bolt[a yaktaur captain] (15)]
 31339 | Vaults:2 | HP: 10/168 [yaktaur/bolt[a yaktaur captain] (13)]
 31359 | Vaults:2 | Reached skill level 12 in Dodging
 32212 | Vaults:1 | Identified the +6 battleaxe "Kaifry" {heavy, rElec Will++}
 32426 | Vaults:1 | Reached skill level 14 in Shields
 32497 | Vaults:1 | Reached skill level 17 in Fighting
 32619 | Vaults:1 | Identified the +3 robe "Teiptahi" {Int+3}
 32619 | Vaults:1 | Noticed Boris
 32636 | Vaults:1 | Killed Boris
 32637 | Vaults:1 | Reached XP level 19. HP: 160/177 MP: 30/30
 33014 | Vaults:1 | Reached skill level 5 in Translocations
 33234 | Vaults:3 | Reached skill level 6 in Spellcasting
 33251 | Vaults:3 | Paralysed by a sphinx for 2 turns
 33841 | Vaults:3 | Found a staircase to the Crypt.
 33949 | Vaults:3 | Reached skill level 15 in Armour
 34096 | Vaults:3 | Reached skill level 6 in Translocations
 34441 | Vaults:4 | Reached skill level 15 in Shields
 34463 | Vaults:4 | Reached skill level 7 in Spellcasting
 34611 | Vaults:4 | Reached XP level 20. HP: 187/187 MP: 33/33
 35069 | Vaults:4 | Identified the +2 leather armour of Grot {*Corrode rN++
                  | Int-3 SInv}
 35340 | Vaults:4 | Identified the ring "Vaiwnenk" {rElec Will+ Int+6}
 35434 | Vaults:4 | Learned a level 3 spell: Maxwell's Portable Piledriver
 35448 | Vaults:5 | Entered Level 5 of the Vaults
 35458 | Vaults:5 | Reached skill level 18 in Fighting
 35466 | Vaults:5 | Noticed a dread lich
 35467 | Vaults:5 | Reached skill level 2 in Stealth
 35487 | Vaults:5 | Reached skill level 13 in Dodging
 35489 | Vaults:5 | Identified the staff "Wydag" {rPois rF+ Int-2 Summ Fire
                  | Ice}
 35496 | Vaults:5 | Killed a dread lich
 35501 | Vaults:5 | Reached skill level 7 in Translocations
 35589 | Vaults:5 | Identified the +2 robe of Icley {+Inv rElec rC+ Regen+}
 35589 | Vaults:5 | Noticed Boris
 35670 | Vaults:5 | Reached skill level 3 in Stealth
 35716 | Vaults:5 | Noticed a golden dragon
 35734 | Vaults:5 | Killed a golden dragon
 35766 | Vaults:5 | Identified the +6 glaive "Tavuits" {flame, rPois rF+ Str+2}
 35783 | Vaults:5 | Reached skill level 16 in Armour
 35789 | Vaults:5 | Noticed an ancient lich
 35803 | Vaults:5 | Killed an ancient lich
 35804 | Vaults:5 | Reached skill level 8 in Spellcasting
 35885 | Vaults:5 | Reached skill level 12 in Invocations
 35916 | Vaults:5 | Noticed a dread lich
 35934 | Vaults:5 | Reached skill level 10 in Evocations
 35948 | Vaults:5 | Killed a dread lich
 35949 | Vaults:5 | Reached XP level 21. HP: 69/195 MP: 25/36
 36029 | Vaults:5 | Noticed a dread lich
 36043 | Vaults:5 | Killed a dread lich
 36074 | Vaults:5 | Identified the +0 scale mail of the Iron City of Dis {rF+
                  | rCorr SInv}
 36141 | Vaults:5 | Found the +0 mask of the Dragon {Will+ Slay+3 SInv}
 36254 | Vaults:5 | Noticed an ancient lich
 36268 | Vaults:5 | Killed an ancient lich
 36335 | Vaults:5 | Noticed a golden dragon
 36353 | Vaults:5 | Killed a golden dragon
 36354 | Vaults:5 | Reached skill level 4 in Stealth
 36481 | Vaults:5 | Got a silver rune of Zot
 36545 | Vaults:5 | Identified the +1 halberd of Rimoic {venom, rElec Will++}
 36557 | Vaults:5 | Identified the +2 flail "Rem Kep" {freeze, rPois MP+9 Str-3
                  | Dex-4}
 36657 | Vaults:5 | Found the +2 hood of the Assassin {Detect Stab+ Stlth++}
 36689 | Vaults:5 | Killed Boris
 36735 | Vaults:5 | Identified the +5 trident of the Pill Bug {freeze, Dex+5}
 36997 | Vaults:5 | Reached skill level 16 in Shields
 37033 | Vaults:5 | Found the +8 Vampire's Tooth {megavamp}
 37042 | Vaults:5 | Identified the +9 plate armour of the Desert {rPois rF++
                  | Will+ Str-3}
 37366 | Elf:1    | Entered Level 1 of the Elven Halls
 37375 | Elf:1    | Paralysed by an air elemental for 1 turns
 37404 | Elf:1    | Found a runed translucent gate.
 37404 | Elf:1    | Found a runed translucent gate.
 37404 | Elf:1    | Found a runed translucent gate.
 37415 | Elf:1    | Paralysed by an air elemental for 1 turns
 37426 | Elf:1    | Noticed Hempoxt's ghost (adept HuAE)
 37426 | Elf:1    | Noticed Cuucabuana's ghost (veteran MiGl)
 37426 | Elf:1    | Noticed Couxach's ghost (adept DjFE)
 37553 | Elf:1    | Paralysed by an air elemental for 1 turns
 37625 | Elf:1    | Found Deenuur's Armour Boutique.
 37693 | Elf:1    | Reached skill level 8 in Translocations
 37768 | Elf:1    | Found Axaese Qaerr's Jewellery Emporium.
 37768 | Elf:1    | Found Giguh's Book Shop.
 37773 | Elf:1    | Found Adwisked's Jewellery Emporium.
 38252 | Elf:2    | Paralysed by an air elemental for 1 turns
 38347 | Elf:2    | Paralysed by an air elemental for 1 turns
 38359 | Elf:2    | Reached skill level 13 in Invocations
 38590 | Elf:2    | Found a runed translucent gate.
 38591 | Elf:2    | Found a runed translucent gate.
 38591 | Elf:2    | Found a runed translucent gate.
 38726 | Elf:2    | Reached skill level 11 in Evocations
 39054 | Elf:2    | Reached skill level 19 in Fighting
 39270 | Elf:3    | Entered Level 3 of the Elven Halls
 39315 | Elf:3    | Identified the +7 mace of the Sage {speed, rElec rN++
                  | Stlth-}
 39355 | Elf:3    | Found Duesosuu's Distillery.
 39361 | Elf:3    | Reached skill level 9 in Spellcasting
 39363 | Elf:3    | Bought a potion of heal wounds for 80 gold pieces
 39363 | Elf:3    | Bought a potion of heal wounds for 80 gold pieces
 39363 | Elf:3    | Bought a potion of invisibility for 128 gold pieces
 39363 | Elf:3    | Bought a potion of attraction for 48 gold pieces
 39363 | Elf:3    | Bought a potion of brilliance for 64 gold pieces
 39363 | Elf:3    | Bought 2 potions of curing for 96 gold pieces
 39363 | Elf:3    | Bought a potion of attraction for 48 gold pieces
 39363 | Elf:3    | Bought 2 potions of brilliance for 128 gold pieces
 39363 | Elf:3    | Bought a potion of brilliance for 64 gold pieces
 39392 | Elf:3    | Reached XP level 22. HP: 205/205 MP: 38/38
 39476 | Elf:3    | Reached skill level 1 in Maces & Flails
 40073 | Elf:3    | Reached skill level 2 in Maces & Flails
 40083 | Elf:3    | Identified the +6 battleaxe "Xaxkyane" {freeze, rElec rN+++
                  | Dex-5 Stlth-}
 40362 | Elf:3    | Reached skill level 17 in Armour
 40400 | Elf:3    | Identified the amulet "Jaseb" {Spirit +Inv Int+3 Dex+4
                  | Slay+3}
 40416 | Elf:3    | Reached skill level 3 in Maces & Flails
 40642 | Elf:3    | Identified the granite talisman of Anaesthesia {rN+ Will+
                  | Stlth+}
 40657 | Elf:3    | Identified the death talisman of Whack-A-Mole {Int-2 Dex+7}
 40664 | Elf:3    | Identified the staff of the Fray {rElec SInv Air}
 40684 | Elf:3    | Got the Tractate on Accelerants
 41209 | Depths:1 | Entered Level 1 of the Depths
 41437 | Depths:1 | Found a gateway to Hell.
 41454 | Depths:1 | Reached skill level 14 in Invocations
 41454 | Depths:1 | Reached skill level 1 in Shapeshifting
 41570 | Depths:1 | Reached skill level 9 in Translocations
 41580 | Depths:1 | Reached skill level 4 in Maces & Flails
 41629 | Depths:1 | Found a one-way gateway to a ziggurat.
 41920 | Depths:1 | Found a burning altar of Makhleb.
 41925 | Depths:1 | Found a burning altar of Makhleb.
 41925 | Depths:1 | Found the +16 obsidian axe {drain, demonic, Mesm ^Drain Fly
                  | SInv}
 41930 | Depths:1 | Reached skill level 12 in Evocations
 42153 | Depths:2 | Found a flickering gateway to a bazaar.
 42163 | Depths:2 | Reached skill level 17 in Shields
 42213 | Bazaar   | Entered a bazaar
 42229 | Bazaar   | Found Qycye's Book Emporium.
 42230 | Bazaar   | Found Huatax's Book Emporium.
 42270 | Bazaar   | Found Norasaji's Armour Shoppe.
 42270 | Bazaar   | Found Vidwarid's Jewellery Shoppe.
 42304 | Bazaar   | Bought the +0 pair of fencer's gloves {Riposte Dex+3} for
                  | 720 gold pieces
 42304 | Bazaar   | Found the +0 pair of fencer's gloves {Riposte Dex+3}
 42324 | Bazaar   | Bought a manual of Shields for 1040 gold pieces
 42514 | Depths:2 | Reached skill level 2 in Shapeshifting
 42522 | Depths:2 | Reached skill level 14 in Dodging
 42579 | Depths:2 | Identified the +1 ring mail "Daopnouh" {Int+5 Dex+3}
 42719 | Depths:2 | Reached skill level 5 in Maces & Flails
 42719 | Depths:2 | Reached XP level 23. HP: 185/213 MP: 33/40
 42859 | Depths:2 | Noticed Norris
 42901 | Depths:2 | Killed Norris
 43155 | Depths:2 | Identified the +5 glaive "Globulus" {flame, rElec rC++
                  | Int+3 Stlth-}
 43532 | Depths:3 | Found a one-way gate to the infinite horrors of the Abyss.
 43959 | Depths:3 | Found Wusam's Magic Scroll Shoppe.
 43962 | Depths:3 | Bought a scroll of fear for 44 gold pieces
 43962 | Depths:3 | Bought a scroll of fear for 44 gold pieces
 43962 | Depths:3 | Bought a scroll of fog for 44 gold pieces
 44509 | Depths:3 | Reached skill level 3 in Shapeshifting
 44600 | Depths:3 | Reached skill level 10 in Spellcasting
 44747 | Depths:4 | Entered Level 4 of the Depths
 44756 | Depths:4 | Reached skill level 6 in Maces & Flails
 44773 | Depths:4 | Noticed a caustic shrike
 44773 | Depths:4 | Noticed a caustic shrike
 44773 | Depths:4 | Noticed a caustic shrike
 44773 | Depths:4 | Noticed a caustic shrike
 44774 | Depths:4 | Noticed a caustic shrike
 44785 | Depths:4 | Killed a caustic shrike
 44788 | Depths:4 | Killed a caustic shrike
 44791 | Depths:4 | Killed a caustic shrike
 44796 | Depths:4 | Killed a caustic shrike
 44798 | Depths:4 | Killed a caustic shrike
 44921 | Depths:4 | Found a gate to the Realm of Zot.
 44956 | Depths:4 | Reached skill level 15 in Invocations
 45271 | Depths:4 | Reached skill level 18 in Shields
 45411 | Depths:4 | Found a glowing golden altar of the Shining One.
 45642 | Depths:4 | Reached skill level 20 in Fighting
 45642 | Depths:4 | Reached skill level 7 in Maces & Flails
 45966 | Depths:3 | Reached skill level 4 in Shapeshifting
 46280 | Slime:1  | Entered Level 1 of the Pits of Slime
 46357 | Slime:3  | Reached skill level 13 in Evocations
 46463 | Slime:5  | Entered Level 5 of the Pits of Slime
 46518 | Slime:5  | Noticed the Royal Jelly
 46526 | Slime:5  | Reached skill level 10 in Translocations
 46526 | Slime:5  | Reached XP level 24. HP: 204/224 MP: 22/41
 46532 | Slime:5  | Killed the Royal Jelly
 46533 | Slime:5  | Reached skill level 18 in Armour
 46562 | Slime:5  | Gained mutation: Your spells are a little easier to cast,
                  | but a little less powerful. [a shining eye]
 46565 | Slime:5  | Gained mutation: Your body sometimes deteriorates upon
                  | taking damage. [a shining eye]
 46642 | Slime:5  | Lost mutation: Your body sometimes deteriorates upon taking
                  | damage. [a shining eye]
 46646 | Slime:5  | Gained mutation: You are occasionally teleported next to
                  | monsters. [a shining eye]
 46703 | Slime:5  | Got the Handbook of the Cumulonimbus
 46720 | Slime:5  | Identified the +2 halberd "Dyd Fuso" {speed, *Corrode
                  | Str+5}
 46721 | Slime:5  | Identified the +2 falchion "Ajixtiwo" {flame, rPois rF+
                  | rC+}
 46723 | Slime:5  | Got a starry gem with 83 turns to spare
 46753 | Slime:5  | Identified the staff of Foolhardiness {rElec rF+ rC+ rN+
                  | Summ Necro}
 46767 | Slime:5  | Got a slimy rune of Zot
 46781 | Slime:5  | Identified the +9 long sword of Modesty {drain, *Rage
                  | +Blink Int+6}
 46784 | Slime:5  | Identified the staff of the Inquisitive Things {^Fragile
                  | Int+3 Conj Earth}
 46854 | Slime:5  | Identified the +1 shortbow "Ynwaegg" {heavy, rPois rCorr
                  | Dex+4 Stlth+}
 47243 | Crypt:1  | Entered Level 1 of the Crypt
 47299 | Crypt:1  | Noticed Vv
 47344 | Crypt:1  | Killed Vv
 47518 | Crypt:1  | Reached skill level 8 in Maces & Flails
 47779 | Crypt:1  | Reached skill level 5 in Shapeshifting
 48142 | Crypt:1  | Found an ancient bone altar of Kikubaaqudgha.
 48142 | Crypt:1  | Identified the +0 short sword "Afuet" {flame, ^Fragile
                  | rPois Will+ rCorr}
 48614 | Crypt:1  | Reached skill level 19 in Shields
 48756 | Crypt:2  | Reached skill level 16 in Invocations
 48880 | Crypt:2  | Found an ancient bone altar of Kikubaaqudgha.
 48880 | Crypt:2  | Noticed Margery
 48913 | Crypt:2  | Killed Margery
 49007 | Crypt:2  | Identified the +0 flail of the Thirteen Dances {venom,
                  | *Corrode Int+2 SInv}
 49136 | Crypt:2  | Noticed Zenata
 49152 | Crypt:2  | Killed Zenata
 49343 | Crypt:2  | Noticed Grunn
 49360 | Crypt:2  | Killed Grunn
 49366 | Crypt:2  | Reached skill level 11 in Spellcasting
 49569 | Crypt:2  | Reached skill level 9 in Maces & Flails
 49672 | Crypt:2  | Found an ancient bone altar of Kikubaaqudgha.
 49901 | Crypt:3  | Entered Level 3 of the Crypt
 49940 | Crypt:3  | Identified the serpent talisman "Iviuloro" {Int+4 Slay+3
                  | SInv}
 49963 | Crypt:3  | HP: 47/222 [flayed ghost/flay_damage (14)]
 49980 | Crypt:3  | Reached XP level 25. HP: 233/233 MP: 39/41
 50011 | Crypt:3  | Identified the amulet of Nigo {-Tele Harm rC+ Regen+ Str+5}
 50064 | Crypt:3  | Reached skill level 14 in Evocations
 50180 | Crypt:3  | Reached skill level 6 in Shapeshifting
 50190 | Crypt:3  | Noticed Khufu
 50217 | Crypt:3  | Killed Khufu
 50295 | Crypt:3  | Found a basalt altar of Yredelemnul.
 50482 | Crypt:3  | Found a staircase to the Tomb.
 50507 | Crypt:3  | Got the Secrets of Illusory Position
 50535 | Crypt:3  | Identified the +4 spear of Destruction {freeze, rPois Will-
                  | rCorr}
 51068 | Depths:1 | Identified the +2 robe of Henotheism {rF+ Dex+3 Stlth+}
 51068 | Depths:1 | Noticed Boris
 51083 | Depths:1 | Killed Boris
 51156 | Hell     | Entered the Vestibule of Hell
 51156 | Hell     | Noticed Geryon
 51445 | Hell     | Reached skill level 11 in Translocations
 51471 | Hell     | Reached skill level 20 in Shields
 51518 | Hell     | Found a gateway to the decaying netherworld of Tartarus.
 51683 | Hell     | Found a gateway to the ashen valley of Gehenna.
 51704 | Hell     | Killed Geryon
 51705 | Hell     | Reached skill level 15 in Dodging
 51715 | Hell     | Reached skill level 10 in Maces & Flails
 51841 | Hell     | Found a gateway to the Iron City of Dis.
 51884 | Hell     | Paralysed by a wendigo for 1 turns
 51901 | Hell     | Found a gateway to the freezing wastes of Cocytus.
 52165 | Pan      | Entered Pandemonium
 52186 | Pan      | Reached skill level 17 in Invocations
 52194 | Pan      | Noticed Reimeima the pandemonium lord
 52234 | Pan      | HP: 50/234 [blizzard demon/the air (22)]
 52237 | Pan      | Killed Reimeima the pandemonium lord
 52264 | Pan      | Gained mutation: You occasionally lose the ability to read
                  | scrolls when taking damage. [a cacodemon]
 52302 | Pan      | Noticed Ignacio
 52331 | Pan      | Killed Ignacio
 52561 | Pan      | Reached skill level 19 in Armour
 52758 | Pan      | Reached skill level 21 in Fighting
 53145 | Pan      | Gained mutation: Your mind is acute. (Int +4, Str/Dex -1)
                  | [a neqoxec]
 53594 | Depths:2 | Escaped Pandemonium
 53596 | Pan      | Entered Pandemonium
 53606 | Pan      | Reached skill level 7 in Shapeshifting
 53608 | Pan      | Lost mutation: You are occasionally teleported next to
                  | monsters. [potion of mutation]
 53608 | Pan      | Lost mutation: You have an increased reservoir of magic.
                  | (+10% MP) [potion of mutation]
 53608 | Pan      | Lost mutation: Your spells are a little easier to cast, but
                  | a little less powerful. [potion of mutation]
 53608 | Pan      | Gained mutation: You are agile. (Dex +4, Str/Int -1)
                  | [potion of mutation]
 53828 | Pan      | Learned a level 6 spell: Gell's Gavotte
 53834 | Pan      | Learned a level 5 spell: Summon Forest
 53842 | Pan      | Learned a level 7 spell: Malign Gateway
 54105 | Pan      | Reached XP level 26. HP: 244/244 MP: 37/38
 54131 | Pan      | Reached skill level 11 in Maces & Flails
 54191 | Pan      | Identified the ring "Titownu" {Will- Dex+5 Slay+4}
 54494 | Pan      | Reached skill level 8 in Shapeshifting
 54494 | Pan      | Found an exit through the horrors of the Abyss.
 54782 | Pan      | Reached skill level 9 in Shapeshifting
 54863 | Pan      | Noticed Riqy the pandemonium lord
 54877 | Pan      | Gained mutation: You are frail. (-10% HP) [a neqoxec]
 54895 | Pan      | Killed Riqy the pandemonium lord
 54961 | Pan      | Found an exit through the horrors of the Abyss.
 55041 | Pan      | Reached skill level 10 in Shapeshifting
 55187 | Pan      | Gained mutation: Armour fits poorly on your strangely
                  | shaped body. [a neqoxec]
 56046 | Pan      | Found a white marble altar of Elyvilon.
 56070 | Pan      | Reached skill level 11 in Shapeshifting
 56081 | Pan      | Noticed a pearl dragon
 56105 | Pan      | Killed a pearl dragon
 56489 | Pan      | Noticed a pearl dragon
 56498 | Pan      | Killed a pearl dragon
 56628 | Pan      | Reached skill level 12 in Shapeshifting
 57106 | Pan      | Found a glowing silver altar of Zin.
 57296 | Pan      | Reached skill level 13 in Shapeshifting
 57638 | Pan      | Identified the +8 chain mail of Creativity {rElec rPois}
 57646 | Pan      | Noticed a seraph
 57666 | Pan      | Killed a seraph
 57667 | Pan      | Reached skill level 14 in Shapeshifting
 57726 | Pan      | Identified the +3 glaive of Yhaenyzo {flame, rF+ rC+ rCorr}
 57735 | Pan      | Found a glowing golden altar of the Shining One.
 57755 | Pan      | Got a demonic rune of Zot
 57875 | Pan      | Reached XP level 27. HP: 225/225 MP: 38/38
 58167 | Pan      | Reached skill level 15 in Shapeshifting
 58180 | Pan      | Found an exit through the horrors of the Abyss.
 58940 | Pan      | Reached skill level 16 in Shapeshifting
 58977 | Pan      | Found a basalt altar of Yredelemnul.
 59049 | Pan      | Reached skill level 1 in Summonings
 59054 | Pan      | HP: 56/224 [Ice Fiend (5)]
 59055 | Pan      | HP: 22/224 [??? (15)]
 59170 | Pan      | HP: 56/225 [??? (35)]
 59322 | Pan      | Identified the +1 cloak of Zudiv {Regen+ Str+4 Dex-4}
 59347 | Pan      | Gained mutation: Your spells are a little easier to cast,
                  | but a little less powerful. [a neqoxec]
 59348 | Pan      | Gained mutation: You sometimes lose your temper in combat.
                  | [a neqoxec]
 60077 | Pan      | Reached skill level 15 in Evocations
 60140 | Pan      | Reached skill level 2 in Summonings
 60168 | Pan      | Found a transporter.
 60338 | Pan      | Reached skill level 5 in Stealth
 60491 | Pan      | Learned a level 7 spell: Manifold Assault
 60738 | Pan      | Found a transporter.
 61378 | Pan      | Reached skill level 12 in Spellcasting
 61405 | Pan      | Reached skill level 21 in Shields
 61834 | Pan      | Identified the ring "Jofosyr" {MP+9 Dex+3}
 61843 | Pan      | Identified the ring "Famean Unu" {rPois Str-2 Dex+4 Slay+3
                  | SInv}
 62149 | Pan      | Reached skill level 3 in Summonings
 62993 | Pan      | Reached skill level 12 in Translocations
 63204 | Pan      | Noticed Essal the pandemonium lord
 63236 | Pan      | HP: 56/225 [??? (37)]
 63244 | Pan      | HP: 54/225 [something (3)]
 63444 | Pan      | Identified the staff of Starshine {Will+ Str-5 Int+6 Conj}
 63575 | Pan      | Gained mutation: You have an uncontrollable temper. [a
                  | neqoxec]
 63579 | Pan      | Lost mutation: You are agile. (Dex +4, Str/Int -1) [potion
                  | of mutation]
 63579 | Pan      | Lost mutation: Your spells are a little easier to cast, but
                  | a little less powerful. [potion of mutation]
 63579 | Pan      | Lost mutation: You have an uncontrollable temper. [potion
                  | of mutation]
 63579 | Pan      | Lost mutation: A frigid envelope surrounds you and freezes
                  | all who hurt you. [potion of mutation]
 63579 | Pan      | Gained mutation: You occasionally shout uncontrollably at
                  | your foes. [potion of mutation]
 63579 | Pan      | Lost mutation: You are frail. (-10% HP) [potion of
                  | mutation]
 63579 | Pan      | Gained mutation: You are partially covered in iridescent
                  | scales. (AC +2) [potion of mutation]
 63580 | Pan      | Lost mutation: You occasionally lose the ability to read
                  | scrolls when taking damage. [potion of mutation]
 63580 | Pan      | Lost mutation: Your mind is acute. (Int +4, Str/Dex -1)
                  | [potion of mutation]
 63580 | Pan      | Gained mutation: You are resistant to electric shocks.
                  | (rElec) [potion of mutation]
 63581 | Pan      | Lost mutation: You are partially covered in iridescent
                  | scales. (AC +2) [potion of mutation]
 63581 | Pan      | Lost mutation: Your flesh is cold resistant. (rC+) [potion
                  | of mutation]
 63581 | Pan      | Lost mutation: You occasionally shout uncontrollably at
                  | your foes. [potion of mutation]
 63581 | Pan      | Gained mutation: You are clumsy. (Dex -2) [potion of
                  | mutation]
 63582 | Pan      | Lost mutation: You sometimes lose your temper in combat.
                  | [potion of mutation]
 63582 | Pan      | Lost mutation: You are clumsy. (Dex -2) [potion of
                  | mutation]
 63582 | Pan      | Gained mutation: You are occasionally teleported next to
                  | monsters. [potion of mutation]
 63582 | Pan      | Gained mutation: You passively map a small area around you.
                  | [potion of mutation]
 63582 | Pan      | Gained mutation: You have a pair of small horns on your
                  | head. [potion of mutation]
 63835 | Pan      | Reached skill level 18 in Invocations
 63974 | Pan      | Killed Essal the pandemonium lord
 64809 | Pan      | Gained mutation: You are weak. (Str -2) [a neqoxec]
 64981 | Pan      | Reached skill level 6 in Stealth
 64981 | Pan      | Reached skill level 4 in Summonings
 66784 | Pan      | HP: 55/251 [Ice Fiend (41)]
 66785 | Pan      | HP: 26/251 [Ice Fiend (30)]
 69085 | Pan      | Noticed Runiank the pandemonium lord
 69090 | Pan      | Killed Runiank the pandemonium lord
 69091 | Pan      | Reached skill level 5 in Summonings
 70050 | Pan      | Reached skill level 13 in Translocations
 71119 | Pan      | Reached skill level 16 in Evocations
 71324 | Pan      | Noticed Qorem the pandemonium lord
 71333 | Pan      | Killed Qorem the pandemonium lord
 71749 | Pan      | HP: 60/254 [??? (46)]
 71754 | Pan      | Reached skill level 20 in Armour
 71985 | Pan      | HP: 59/254 [??? (40)]
 72796 | Pan      | Reached skill level 22 in Fighting
 73133 | Pan      | Reached skill level 7 in Stealth
 73361 | Pan      | Reached skill level 6 in Summonings
 75203 | Pan      | HP: 63/254 [Ice Fiend (29)]
 75489 | Pan      | Reached skill level 22 in Shields
 76439 | Pan      | Reached skill level 13 in Spellcasting
 76585 | Pan      | Reached skill level 16 in Dodging
 77325 | Pan      | Identified the +5 rapier "Zevoogho" {flame, *Slow rCorr
                  | Str+5}
 78181 | Pan      | Noticed Lugeh the pandemonium lord
 78191 | Pan      | Killed Lugeh the pandemonium lord
 79259 | Pan      | Reached skill level 7 in Summonings
 79262 | Pan      | Reached skill level 17 in Shapeshifting
 79409 | Pan      | Reached skill level 14 in Translocations
 80139 | Pan      | Identified the amulet "Ymasoss" {Spirit +Blink rElec Int+2}
 80147 | Pan      | Identified the +0 plate armour "Ixirohah" {rN++ Int+3
                  | Slay-2}
 81812 | Pan      | Reached skill level 8 in Stealth
 82276 | Pan      | Noticed Nirol the pandemonium lord
 82283 | Pan      | Killed Nirol the pandemonium lord
 82722 | Pan      | Reached skill level 17 in Evocations
 83621 | Pan      | Reached skill level 8 in Summonings
 86657 | Pan      | Reached skill level 15 in Translocations
 87667 | Pan      | Noticed Zizxionyqau the pandemonium lord
 87682 | Pan      | Killed Zizxionyqau the pandemonium lord
 88006 | Pan      | Reached skill level 21 in Armour
 88937 | Pan      | Reached skill level 9 in Stealth
 89087 | Pan      | Reached skill level 23 in Fighting
 89655 | Pan      | Entered the realm of Mnoleg.
 89679 | Pan      | Gained mutation: You occasionally lose the ability to drink
                  | potions when taking damage. [a cacodemon]
 89682 | Pan      | Reached skill level 9 in Summonings
 89692 | Pan      | Gained mutation: You occasionally shout uncontrollably at
                  | your foes. [a cacodemon]
 89692 | Pan      | Gained mutation: Your body sometimes deteriorates upon
                  | taking damage. [a cacodemon]
 89782 | Pan      | Gained mutation: You are very weak. (Str -4) [a cacodemon]
 89794 | Pan      | Reached skill level 14 in Spellcasting
 89818 | Pan      | Lost mutation: You are occasionally teleported next to
                  | monsters. [a cacodemon]
 89847 | Pan      | Gained mutation: You have an increased reservoir of magic.
                  | (+10% MP) [a neqoxec]
 89959 | Pan      | Gained mutation: You sometimes lose your temper in combat.
                  | [a cacodemon]
 90314 | Pan      | Noticed Mnoleg
 90330 | Pan      | Killed Mnoleg
 90331 | Pan      | Reached skill level 23 in Shields
 90371 | Pan      | Got a glowing rune of Zot
 90632 | Pan      | Gained mutation: You are vulnerable to heat. (rF-) [a
                  | neqoxec]
 90815 | Pan      | Lost mutation: Armour fits poorly on your strangely shaped
                  | body. [potion of mutation]
 90815 | Pan      | Lost mutation: Your body sometimes deteriorates upon taking
                  | damage. [potion of mutation]
 90815 | Pan      | Lost mutation: You are vulnerable to heat. (rF-) [potion of
                  | mutation]
 90815 | Pan      | Gained mutation: You have sharp fingernails. [potion of
                  | mutation]
 90816 | Pan      | Lost mutation: You have a pair of small horns on your head.
                  | [potion of mutation]
 90816 | Pan      | Lost mutation: You have sharp fingernails. [potion of
                  | mutation]
 90816 | Pan      | Lost mutation: You occasionally lose the ability to drink
                  | potions when taking damage. [potion of mutation]
 90816 | Pan      | Lost mutation: You are resistant to electric shocks.
                  | (rElec) [potion of mutation]
 90816 | Pan      | Gained mutation: You occasionally lose the ability to read
                  | scrolls when taking damage. [potion of mutation]
 90817 | Pan      | Lost mutation: You passively map a small area around you.
                  | [potion of mutation]
 90817 | Pan      | Lost mutation: You sometimes lose your temper in combat.
                  | [potion of mutation]
 90817 | Pan      | Lost mutation: You have an increased reservoir of magic.
                  | (+10% MP) [potion of mutation]
 90817 | Pan      | Gained mutation: You are somewhat resistant to further
                  | mutation. [potion of mutation]
 90819 | Pan      | Entered the realm of Cerebov.
 90825 | Pan      | Identified the -1 buckler of Minor Irritation {Will+ rCorr
                  | Int-3}
 90876 | Pan      | Found the +6 sword of Cerebov {flame}
 90876 | Pan      | Noticed Cerebov
 90897 | Pan      | Killed Cerebov
 91019 | Pan      | Got a fiery rune of Zot
 91411 | Pan      | Identified the +9 long sword of Contradiction {freeze,
                  | rElec Int+2}
 91413 | Pan      | Identified the ring of Trepidation {*Corrode Str+10 Int-3
                  | Dex+3 SInv}
 91424 | Pan      | Identified the +6 trident of Hatred {heavy, Str+3 Int+2}
 91526 | Pan      | Identified the ring of the Villain {rCorr Dex+5}
 91534 | Pan      | Identified the +1 falchion of Iclauta {speed, rPois Str+3
                  | Dex+3}
 91553 | Pan      | Identified the +1 glaive "Umow" {freeze, rF+}
 92365 | Pan      | Reached skill level 18 in Evocations
 92638 | Pan      | Found an exit through the horrors of the Abyss.
 93294 | Depths:2 | Escaped Pandemonium
 93519 | D:14     | Bought a wand of warping (5) for 168 gold pieces
 93519 | D:14     | Bought a potion of mutation for 112 gold pieces
 93519 | D:14     | Bought a scroll of poison for 56 gold pieces
 93519 | D:14     | Bought a scroll of enchant weapon for 105 gold pieces
 93705 | Orc:2    | Bought a fine ring mail for 252 gold pieces
 93705 | Orc:2    | Identified the +1 ring mail "Bekliotho" {Harm rPois} (You
                  | bought it in a shop on level 2 of the Orcish Mines)
 93705 | Orc:2    | Bought a translucent robe for 159 gold pieces
 93705 | Orc:2    | Identified the +1 robe "Xas Kohitru" {rC- Will- Str+7} (You
                  | bought it in a shop on level 2 of the Orcish Mines)
 93991 | Depths:3 | Bought a scroll of immolation for 44 gold pieces
 94255 | Orc:2    | Bought 2 potions of curing for 90 gold pieces
 94255 | Orc:2    | Bought a potion of curing for 45 gold pieces
 94257 | Orc:2    | Bought a scroll of revelation for 105 gold pieces
 94257 | Orc:2    | Bought a scroll of vulnerability for 56 gold pieces
 94257 | Orc:2    | Bought a scroll of vulnerability for 56 gold pieces
 94267 | Orc:2    | Learned a level 8 spell: Disjunction
 94304 | Pan      | Entered the realm of Lom Lobon.
 94304 | Pan      | Entered Pandemonium
 94346 | Pan      | HP: 83/336 [burnt (4)]
 94383 | Pan      | Reached skill level 16 in Translocations
 94656 | Pan      | Reached skill level 10 in Summonings
 95314 | Pan      | Reached skill level 10 in Stealth
 95508 | Pan      | Reached skill level 17 in Dodging
 95768 | Pan      | Reached skill level 18 in Shapeshifting
 96601 | Pan      | Noticed Lom Lobon
 96623 | Pan      | Got a magical rune of Zot
 96677 | Pan      | Killed Lom Lobon
 98026 | Pan      | Noticed Namen the pandemonium lord
 98034 | Pan      | Killed Namen the pandemonium lord
 98047 | Pan      | HP: 84/338 [??? (15)]
 98349 | Pan      | Found an exit through the horrors of the Abyss.
100056 | Pan      | Reached skill level 22 in Armour
100118 | Pan      | Gained mutation: You sometimes lose your temper in combat.
                  | [a neqoxec]
100232 | Pan      | Reached skill level 11 in Summonings
101116 | Pan      | Reached skill level 15 in Spellcasting
101390 | Pan      | Found an exit through the horrors of the Abyss.
102012 | Pan      | Got the Vellum of the Gathered Crater
102202 | Pan      | Noticed Zobewir the pandemonium lord
102208 | Pan      | Killed Zobewir the pandemonium lord
102320 | Pan      | Identified the +7 orcbow of Fortitude {freeze, rF+ rN+
                  | Will+}
102457 | Pan      | Reached skill level 19 in Evocations
102656 | Pan      | Reached skill level 24 in Fighting
103824 | Pan      | Noticed Mennas
103849 | Pan      | Killed Mennas
103856 | Pan      | Reached skill level 11 in Stealth
103982 | Pan      | Reached skill level 24 in Shields
103989 | Pan      | Noticed Kotwei the pandemonium lord
104005 | Pan      | Killed Kotwei the pandemonium lord
106317 | Pan      | Reached skill level 12 in Summonings
106687 | Pan      | Found an exit through the horrors of the Abyss.
107058 | Pan      | Acquired the +1 eveningstar "Brilliance" {foul flame,
                  | Umbra}
107058 | Pan      | Found the +1 eveningstar "Brilliance" {foul flame, Umbra}
107162 | Pan      | Entered the realm of Gloorx Vloq.
107850 | Pan      | Reached skill level 17 in Translocations
108433 | Pan      | Noticed Gloorx Vloq
108439 | Pan      | Killed Gloorx Vloq
108515 | Pan      | Got a dark rune of Zot
109055 | Pan      | Reached skill level 19 in Shapeshifting
109447 | Pan      | Reached skill level 12 in Stealth
109786 | Pan      | Found an exit through the horrors of the Abyss.
109863 | Pan      | Reached skill level 20 in Evocations
110369 | Pan      | Reached skill level 23 in Armour
110369 | Pan      | Reached skill level 18 in Dodging
110432 | Pan      | Reached skill level 13 in Summonings
111048 | Pan      | Reached skill level 16 in Spellcasting
111716 | Pan      | Found an exit through the horrors of the Abyss.
112790 | Pan      | Identified the amulet "Icuread" {Reflect Will+ Int+5 SH+5
                  | Stlth-}
112790 | Pan      | Noticed Ruschoth the pandemonium lord
112830 | Pan      | Reached skill level 25 in Fighting
112843 | Pan      | Killed Ruschoth the pandemonium lord
112900 | Pan      | Took an exit into the Abyss.
112900 | Abyss:1  | Escaped into the Abyss
112918 | Abyss:2  | Found a corrupted altar of Lugonu.
112959 | Abyss:4  | Got an abyssal rune of Zot
113088 | Orc:2    | Escaped the Abyss
113286 | Elf:3    | Upgraded the game from 0.32-a0-876-gcfddb08e57 to
                  | 0.32-a0-886-g41c5271027
113738 | Zot:1    | Entered Level 1 of the Realm of Zot
114097 | Zot:1    | Noticed an orb of fire
114112 | Zot:1    | Killed an orb of fire
114113 | Zot:1    | Reached skill level 25 in Shields
114291 | Zot:1    | Lost mutation: You occasionally lose the ability to read
                  | scrolls when taking damage. [potion of mutation]
114291 | Zot:1    | Lost mutation: You occasionally shout uncontrollably at
                  | your foes. [potion of mutation]
114291 | Zot:1    | Lost mutation: You are very weak. (Str -4) [potion of
                  | mutation]
114292 | Zot:1    | Lost mutation: You are weak. (Str -2) [potion of mutation]
114292 | Zot:1    | Lost mutation: You are somewhat resistant to further
                  | mutation. [potion of mutation]
114292 | Zot:1    | Lost mutation: You sometimes lose your temper in combat.
                  | [potion of mutation]
114292 | Zot:1    | Gained mutation: Your spells are a little harder to cast,
                  | but a little more powerful. [potion of mutation]
114292 | Zot:1    | Gained mutation: Your movements are slightly less
                  | encumbered by armour. (ER -2) [potion of mutation]
114292 | Zot:1    | Gained mutation: You are partially covered in iridescent
                  | scales. (AC +2) [potion of mutation]
115561 | Zot:2    | You fall into a shaft and drop 2 floors!
115668 | Zot:4    | Identified the +4 spear "Cigheyck" {heavy, Dex+2}
115970 | Zot:4    | Got the Quarto of Sinister Secrets
116434 | Zot:2    | Reached skill level 14 in Summonings
116521 | Zot:2    | Identified the +1 leather armour of the Blind Marksman
                  | {^Contam rF++ rN++}
117306 | Zot:3    | Reached skill level 13 in Stealth
117738 | Zot:4    | Identified the ring "Duvadac" {rCorr Str+5 Int+3}
118272 | Zot:5    | Entered Level 5 of the Realm of Zot
118611 | Zot:5    | Reached skill level 18 in Translocations
118974 | Zot:5    | Noticed a dread lich
118986 | Zot:5    | Killed a dread lich
118987 | Zot:5    | Reached skill level 21 in Evocations
119084 | Zot:5    | Noticed an orb of fire
119086 | Zot:5    | Lost mutation: Your spells are a little harder to cast, but
                  | a little more powerful. [an orb of fire]
119087 | Zot:5    | Noticed an orb of fire
119088 | Zot:5    | Noticed a dread lich
119090 | Zot:5    | Noticed an orb of fire
119092 | Zot:5    | Killed an orb of fire
119093 | Zot:5    | Killed an orb of fire
119096 | Zot:5    | Gained mutation: You are dopey. (Int -2) [an orb of fire]
119105 | Zot:5    | Killed an orb of fire
119108 | Zot:5    | Killed a dread lich
119506 | Zot:5    | Noticed a dread lich
119507 | Zot:5    | Killed a dread lich
119575 | Zot:5    | Noticed an ancient lich
119583 | Zot:5    | Killed an ancient lich
119668 | Zot:5    | Noticed a dread lich
119672 | Zot:5    | Killed a dread lich
119682 | Zot:5    | Noticed a dread lich
119685 | Zot:5    | Reached skill level 24 in Armour
119685 | Zot:5    | Noticed an orb of fire
119693 | Zot:5    | Killed a dread lich
119707 | Zot:5    | Killed an orb of fire
119851 | Zot:5    | Noticed a dread lich
119867 | Zot:5    | Killed a dread lich
120093 | Zot:5    | Learned a level 4 spell: Passage of Golubria
120102 | Zot:5    | Learned a level 8 spell: Summon Horrible Things
120795 | Geh:1    | Entered Level 1 of Gehenna
120807 | Geh:1    | Reached skill level 20 in Shapeshifting
121247 | Geh:2    | Noticed a dread lich
121250 | Geh:2    | Killed a dread lich
121673 | Geh:3    | Noticed a dread lich
121680 | Geh:3    | Killed a dread lich
121990 | Geh:4    | Reached skill level 21 in Shapeshifting
122971 | Geh:7    | Entered Level 7 of Gehenna
123134 | Geh:7    | Reached skill level 22 in Shapeshifting
124270 | Geh:7    | Noticed an ancient lich
124273 | Geh:7    | Killed an ancient lich
124450 | Geh:7    | Reached skill level 23 in Shapeshifting
124615 | Geh:7    | Identified the ring of Xom's Regard {rCorr MP+9 Int+4
                  | Slay+2}
124632 | Geh:7    | Identified the +2 plate armour of Ileohug {Harm rCorr
                  | Int+3}
124747 | Geh:7    | Found the +13 sceptre of Asmodeus
124747 | Geh:7    | Noticed Asmodeus
125110 | Geh:7    | Identified the ring "Iclajug" {rElec rC+ rN+}
125119 | Geh:7    | Killed Asmodeus
125150 | Geh:7    | Identified the ring of Zataso {Wiz rF+ rC++ Will- Stlth+}
125154 | Geh:7    | Identified the ring of Dishuyt {EV+5 Slay+6 Stlth-}
125160 | Geh:7    | Identified the +0 scale mail of Lethargy {rC+}
125167 | Geh:7    | Identified the +1 pair of gloves "Fivius" {rC++}
125168 | Geh:7    | Identified the +0 robe of Vehumet's Condemnation {Rampage
                  | rN+ Will+}
125204 | Geh:7    | Got the Incunable of Silt and Fog
125211 | Geh:7    | Identified the +0 ring mail of the Stone Wall {*Slow +Blink
                  | Will+++}
125219 | Geh:7    | Got an obsidian rune of Zot
125313 | Geh:7    | Noticed the Serpent of Hell
125317 | Geh:7    | Killed the Serpent of Hell
125503 | Dis:1    | Entered Level 1 of the Iron City of Dis
125937 | Dis:3    | Reached skill level 24 in Shapeshifting
126691 | Dis:5    | Noticed an ancient lich
126695 | Dis:5    | Killed an ancient lich
126772 | Dis:5    | Noticed an ancient lich
126773 | Dis:5    | Noticed an ancient lich
126773 | Dis:5    | Noticed a dread lich
126774 | Dis:5    | Noticed an ancient lich
126776 | Dis:5    | Killed an ancient lich
126777 | Dis:5    | Killed a dread lich
126777 | Dis:5    | Killed an ancient lich
126778 | Dis:5    | Reached skill level 25 in Shapeshifting
126778 | Dis:5    | Reached skill level 17 in Spellcasting
126778 | Dis:5    | Noticed an ancient lich
126778 | Dis:5    | Noticed an ancient lich
126778 | Dis:5    | Noticed an ancient lich
126779 | Dis:5    | Killed an ancient lich
126780 | Dis:5    | Killed an ancient lich
126785 | Dis:5    | Killed an ancient lich
126787 | Dis:5    | Killed an ancient lich
127000 | Dis:6    | Noticed a dread lich
127012 | Dis:6    | Killed a dread lich
127014 | Dis:6    | HP: 73/348 [caustic shrike (27)]
127017 | Dis:6    | Reached skill level 15 in Summonings
127266 | Dis:7    | Entered Level 7 of the Iron City of Dis
127682 | Dis:7    | Reached skill level 12 in Maces & Flails
128361 | Dis:7    | Reached skill level 26 in Fighting
128610 | Dis:7    | HP: 87/349 [Hell Sentinel/damnation (33)]
128615 | Dis:7    | HP: 56/349 [Hell Sentinel (12)]
128618 | Dis:7    | HP: 3/349 [Hell Sentinel/damnation (60)]
128706 | Dis:7    | Reached skill level 19 in Dodging
129224 | Dis:7    | Reached skill level 14 in Stealth
129593 | Dis:7    | Identified the +0 plate armour "Toexited" {rN+++ Regen+
                  | rCorr}
129609 | Dis:7    | Identified the +10 orcbow "Eggawo" {speed, rElec rPois
                  | Int+3 Dex-2}
129786 | Dis:7    | Noticed Dispater
130279 | Dis:7    | Killed Dispater
130316 | Dis:7    | Got an iron rune of Zot
130317 | Dis:7    | Identified the flux talisman of Tortelloni {rElec Dex+3}
130328 | Dis:7    | Identified the +3 long sword "Xuqupsuu" {freeze, rPois rC-
                  | Will+ Dex+2}
130612 | Tar:1    | Entered Level 1 of Tartarus
130622 | Tar:2    | Reached skill level 26 in Shields
130732 | Tar:2    | Reached skill level 19 in Invocations
130860 | Tar:2    | You fall into a shaft and drop 2 floors!
130963 | Tar:4    | Reached skill level 13 in Maces & Flails
131375 | Tar:5    | Noticed an ancient lich
131377 | Tar:5    | Reached skill level 22 in Evocations
131378 | Tar:5    | Killed an ancient lich
132022 | Tar:7    | Entered Level 7 of Tartarus
132621 | Tar:7    | Identified the +9 flail of Chagrin {freeze, rF++ rN+++
                  | Will- Dex-4}
133115 | Tar:7    | Noticed Ereshkigal
133124 | Tar:7    | Killed Ereshkigal
133135 | Tar:7    | Reached skill level 16 in Summonings
133481 | Tar:7    | Got a bone rune of Zot
133797 | Tar:7    | Reached skill level 19 in Translocations
133962 | Tar:7    | Reached skill level 14 in Maces & Flails
133970 | Tar:7    | Reached skill level 25 in Armour
134952 | Tar:7    | Identified the staff of Irritation {^Drain rElec rC- Str+6
                  | SInv Air}
134979 | Tar:7    | Identified the +3 dire flail "Ikogg" {drain, rC+ Str+3}
134982 | Tar:7    | Identified the +4 great mace "Zicrag" {venom, Fly rPois}
134998 | Tar:7    | Identified the +0 long sword of Courage {heavy, ^Fragile
                  | rElec rPois rF+}
135001 | Tar:7    | Identified the +2 war axe of the Several Knaves {speed, rC+
                  | Will+}
135006 | Tar:7    | Identified the ring "Kifray" {rPois rC- rN+ MP+9 Dex-4}
135084 | Tar:7    | Reached skill level 20 in Invocations
135084 | Tar:7    | Found the +3 warlock's mirror {omnireflect}
135160 | Tar:7    | Identified the +7 glaive of Plog {drain, rC+}
135284 | Coc:1    | Entered Level 1 of Cocytus
135288 | Coc:1    | You fall into a shaft and drop 1 floor!
136192 | Coc:5    | Reached skill level 18 in Spellcasting
136382 | Coc:6    | Paralysed by a wendigo for 1 turns
136539 | Coc:6    | Noticed an ancient lich
136541 | Coc:6    | Killed an ancient lich
136542 | Coc:6    | Reached skill level 15 in Stealth
136894 | Coc:7    | Entered Level 7 of Cocytus
136933 | Coc:7    | Reached skill level 15 in Maces & Flails
136975 | Coc:7    | HP: 78/352 [Ice Fiend (15)]
137329 | Coc:2    | Paralysed by a wendigo for 1 turns
138195 | Coc:7    | Paralysed by a wendigo for 1 turns
138461 | Coc:7    | Identified the staff of the Spider {rPois Int+4 Alchemy}
138678 | Coc:7    | Reached skill level 23 in Evocations
138931 | Coc:7    | Noticed Antaeus
138959 | Coc:7    | Killed Antaeus
138960 | Coc:7    | Reached skill level 17 in Summonings
138980 | Coc:7    | Got an icy rune of Zot
139733 | Tomb:1   | Entered Level 1 of the Tomb of the Ancients
139802 | Tomb:1   | Reached skill level 21 in Invocations
140264 | Tomb:1   | Noticed a royal mummy
140265 | Tomb:1   | Reached skill level 16 in Maces & Flails
140275 | Tomb:1   | Killed a royal mummy
140598 | Tomb:2   | Noticed a royal mummy
140598 | Tomb:2   | Noticed a royal mummy
140599 | Tomb:2   | Noticed a royal mummy
140600 | Tomb:2   | Noticed a royal mummy
140606 | Tomb:2   | Killed a royal mummy
140608 | Tomb:2   | Reached skill level 20 in Dodging
140608 | Tomb:2   | Killed a royal mummy
140610 | Tomb:2   | Killed a royal mummy
140612 | Tomb:2   | Killed a royal mummy
141058 | Tomb:1   | Noticed a royal mummy
141064 | Tomb:1   | Killed a royal mummy
141065 | Tomb:1   | Noticed a royal mummy
141065 | Tomb:1   | Noticed a royal mummy
141070 | Tomb:1   | Killed a royal mummy
141073 | Tomb:1   | Killed a royal mummy
141173 | Tomb:1   | Noticed a royal mummy
141178 | Tomb:1   | Noticed a royal mummy
141178 | Tomb:1   | Noticed a royal mummy
141179 | Tomb:1   | Killed a royal mummy
141180 | Tomb:1   | Reached skill level 26 in Shapeshifting
141181 | Tomb:1   | Killed a royal mummy
141181 | Tomb:1   | Killed a royal mummy
141242 | Tomb:1   | Noticed a royal mummy
141250 | Tomb:1   | Noticed a royal mummy
141255 | Tomb:1   | Killed a royal mummy
141257 | Tomb:1   | Killed a royal mummy
141261 | Tomb:1   | Noticed a royal mummy
141263 | Tomb:1   | Noticed a royal mummy
141266 | Tomb:1   | Killed a royal mummy
141267 | Tomb:1   | Reached skill level 26 in Armour
141269 | Tomb:1   | Killed a royal mummy
141276 | Tomb:1   | Noticed a royal mummy
141280 | Tomb:1   | Noticed a royal mummy
141281 | Tomb:1   | Killed a royal mummy
141286 | Tomb:1   | Killed a royal mummy
141287 | Tomb:1   | Noticed a royal mummy
141292 | Tomb:1   | Killed a royal mummy
141409 | Tomb:1   | Noticed a royal mummy
141414 | Tomb:1   | Killed a royal mummy
141438 | Tomb:1   | Noticed a royal mummy
141438 | Tomb:1   | Noticed a royal mummy
141441 | Tomb:1   | Killed a royal mummy
141443 | Tomb:1   | Killed a royal mummy
141499 | Tomb:2   | Reached skill level 20 in Translocations
141621 | Tomb:3   | Entered Level 3 of the Tomb of the Ancients
141628 | Tomb:3   | Reached skill level 22 in Invocations
141628 | Tomb:3   | Noticed a royal mummy
141628 | Tomb:3   | Noticed a royal mummy
141630 | Tomb:3   | Reached skill level 18 in Summonings
141632 | Tomb:3   | HP: 77/352 [torment (18)]
141634 | Tomb:3   | Got a golden rune of Zot
141634 | Tomb:3   | Noticed a royal mummy
141636 | Tomb:3   | Noticed a royal mummy
141636 | Tomb:3   | Noticed a royal mummy
141639 | Tomb:3   | HP: 69/352 [??? (16)]
141641 | Tomb:3   | Killed a royal mummy
141641 | Tomb:3   | HP: 26/352 [something (12)]
141641 | Tomb:3   | Killed by a royal mummy's death curse

Illustrated notes

Levels and vault maps discovered:
D:1:      dpeg_chamrin_arrival_tetris, layout_loops_cross,
          chequers_ecumenical_altar_grove, minmay_stone_trees_large,
          minmay_misc_feat_cross
D:2:      wander_river, layout_basic
D:3:      layout_basic, uniq_grinder, uniq_crazy_yiuf_cottage
D:4:      layout_cave_pools, uniq_natasha
D:5:      dreamdust_elfheim, layout_rooms, minmay_temple_entry_trees,
          minmay_joined_circles, uniq_duvessa
D:6:      layout_loops_ring, minmay_overflow_temple_hex,
          mainiacjoe_overflow_small_starburst, gammafunk_ghost_stat_death,
          lemuel_flame_loot_1
D:7:      layout_cave_pods, nicolae_gozag_cash_rules_everything_around_me,
          jmf_multi_god_temple, uniq_maurice
D:8:      layout_basic, mainiacjoe_overflow_concentric_impassable
D:9:      layout_long_grid, nicolae_qazlal_scattered_showers, lair_entry_dummy,
          enter_bailey_7, chequers_serial_rivers_room_a
D:10:     layout_small_grid, lemuel_crystal_altar, david_orc_3,
          nicolae_trove_entry_free_sample, uniq_josephine
D:11:     layout_roguey, feat_on_display, uniq_sonja
D:12:     layout_cave_pools, moated_statue, minmay_unpleasant_kobolds,
          uniq_kirke, uniq_nergalle
D:13:     layout_basic, hangedman_vaults_entry_quadrant_bands
D:14:     layout_rooms, infiniplex_staircase_zigzag_2, gauntlet_entry_generic,
          serial_shops, nicolae_lakefront_shop
D:15:     grunt_enter_depths_magical_seal, layout_basic, nicolae_the_louvre
Lair:1:   layout_big_grid, hellmonk_guarded_unrand_zhor, lemuel_fruit_tree,
          grunt_megastairs_2, infiniplex_staircase_pool, lemuel_fruit_fields
Lair:2:   layout_loops_ring, dummy_snake_entry
Lair:3:   layout_regular_city, swamp_mist_pool, lemuel_fruit_fields,
          uniq_amaemon
Lair:4:   layout_cave_pods, slime_entry_1, serial_bayou_shore_b,
          grunt_megastairs_5, infiniplex_staircase_pool_2
Lair:5:   evilmike_catoblepas_cave, layout_loops_ring, minivault_25
Swamp:1:  layout_basic_swamp, evilmike_swamp_ruin_wall, swamp_pool_4,
          uniq_roxanne, uniq_louise
Swamp:2:  layout_basic_swamp, hangedman_swamp_pad
Swamp:3:  layout_basic_swamp, serial_swamp_ruin, evilmike_swamp_ruin_house_6,
          evilmike_swamp_ruin_house_3, evilmike_swamp_ruin_house_1,
          nicolae_swamp_tree_isthmus
Swamp:4:  swamp_old_school, layout_basic_swamp, swamp_pool_1_2,
          nicolae_swamp_bloodsuckers_inc
Snake:1:  layout_grid_shapes, basic_altar, grunt_megastairs_1,
          nicolae_triple_integral, uniq_mlioglotl, uniq_aizul, uniq_asterion
Snake:2:  layout_concentric_octagons
Snake:3:  layout_chambers, basic_altar
Snake:4:  minmay_snake_end_coiled, layout_misc_corridors, uniq_mara,
          uniq_saint_roka, uniq_vashnia
Slime:1:  layout_caves, nicolae_slime_ancient_tower_intersection
Slime:2:  layout_caves, nicolae_slime_welcoming_committee
Slime:3:  layout_caves
Slime:4:  layout_caves
Slime:5:  slime_pit_nicolae_amoeboid
Orc:1:    layout_diamond_mine, lightli_volcano_entry_magma_tube,
          trog_butcher_becter, uniq_jorgrun
Orc:2:    pf_orc_diabolical, layout_caves, mines2_david, uniq_rupert
Elf:1:    layout_loops_cross, gammafunk_ghost_cemetery, serial_shops,
          nicolae_shop_hallway_stairs, kennysheep_underground_church,
          minmay_shop_grove
Elf:2:    nicolae_elf_blades_crystal_corner, layout_onion_city
Elf:3:    minmay_elf_hall_curves, layout_geoelf_castle, serial_shops, shop
Vaults:1: vaults_room_door_ring, nicolae_vaults_cornered_office,
          vaults_room_hallway, nicolae_vaults_alarming,
          nicolae_vaults_mini_display_case, v_misc_27, ontoclasm_vaults_tryst,
          vaults_standard_mumra_x, nicolae_vaults_trapezoid_lopsided_2,
          nicolae_vaults_know_your_exits, nicolae_vaults_shrinking_rooms_2,
          nicolae_vaults_variable_pillar_hall, vaults_room_grid,
          nicolae_vaults_apartment_2, layout_vaults_omnibox, uniq_boris
Vaults:2: hangedman_vaults_snaps, vaults_dpeg_spiral,
          nicolae_vaults_hallways_thing, layout_vaults_chaotic_city,
          uniq_frederick
Vaults:3: nicolae_vaults_storage_closets_3, hangedman_vaults_stretched_pinwheel,
          v_alt_pattern_4, vaults_mumra_lcd, minmay_crypt_entry_simple_box,
          dpeg_vaults_monster_box, nicolae_vaults_tetromino_T_1,
          nicolae_vaults_shipping_containers_7,
          nicolae_vaults_network_periphery, nicolae_vaults_tetromino_T_1,
          layout_vaults_omnicross
Vaults:4: v_alt_pattern_4, nicolae_vaults_what_the_h, v_misc_30,
          nicolae_vaults_cochlea, serial_library_hellmonk_big_corner,
          nicolae_vaults_twisting_passages, nicolae_vaults_circle_grid_a,
          nicolae_vaults_yaktaur_gun_rack, vaults_standard_mumra_lines,
          nicolae_vaults_network_s, nicolae_vaults_tetromino_T_1, v_misc_8,
          layout_vaults_ring
Vaults:5
Crypt:1:  cheibrodos_crypt_down_in_the_bonehoard, layout_misc_corridors,
          st_stairs_4, grunt_crypt_arrival_split, uniq_vv
Crypt:2:  minmay_shadows, layout_rooms, hangedman_crypt_dual_shrines,
          uniq_margery, uniq_zenata, uniq_grunn
Crypt:3:  grunt_crypt_end_deaths_head
Tomb:1
Tomb:2
Tomb:3
Depths:1: layout_cave_shapes, enter_ziggurat_d, rand_demon_pan_entry_1,
          hellmouth_2, grunt_guarded_unrand_obsidian_axe
Depths:2: minmay_distorted_concentric_squares, layout_basic,
          minmay_misc_feat_square, serial_shops, bzr_entry_islet, hell_entry,
          grunt_pan_entry_in_and_out, serial_bayou_lake_a,
          infiniplex_staircase_9_rooms, uniq_norris
Depths:3: minmay_slanted_spiral_squares, layout_gridlike, serial_shops,
          nicolae_shop_rolled_up, regret_index_abyss_entry_already_here,
          grunt_hell_entry_dis_old, grunt_pan_entry_sceptre
Depths:4: grunt_crosshair, layout_gridville, hell_entry,
          chequers_serial_rivers_micro_d, moated_statue,
          hangedman_decor_clover_reticule, tso_metal_star, uniq_josephina
Hell
Dis:1:    layout_subdivisions
Dis:2:    layout_jigsaw
Dis:3:    hangedman_dis_decor_blocks_crown, layout_regular_city,
          nicolae_dis_grated_feature
Dis:4:    layout_gridville, minmay_strange_pillars
Dis:5:    layout_gridville, nicolae_hells_leichenhalle
Dis:6:    layout_subdivisions, nicolae_dis_having_a_grate_time
Dis:7:    iron_city_of_dis [dis_mu, dis_wall_6], layout_gridville,
          nicolae_dis_bowling_alley
Geh:1:    layout_gehenna_lava_caves
Geh:2:    layout_gehenna_pools_triple
Geh:3:    layout_gehenna_pools_basic, nicolae_geh_fourpack
Geh:4:    layout_gehenna_pools_basic
Geh:5:    layout_gehenna_lava_caves
Geh:6:    layout_gehenna_pools_triple
Geh:7:    geh_mu
Coc:1:    layout_cocytus_delve, nicolae_hells_seeping_fissure
Coc:2:    layout_ice_bergs
Coc:3:    layout_cocytus_delve
Coc:4:    layout_cocytus_delve
Coc:5:    layout_cocytus_water_paths
Coc:6:    layout_ice_bergs
Coc:7:    coc_dpeg
Tar:1:    layout_grid_maze
Tar:2:    layout_honeycomb, nicolae_tar_cuneiform_sun
Tar:4:    layout_cathedral_of_symmetry
Tar:5:    layout_cathedral_of_symmetry, nicolae_tar_cuneiform_bread,
          nicolae_tar_cuneiform_city, tekkud_tar_snaking_path
Tar:6:    layout_honeycomb
Tar:7:    tar_mu [tar_mu_maze]
Zot:1:    layout_basic
Zot:2:    circus_mu, layout_cathedral_of_symmetry
Zot:3:    nicolae_moth_party, layout_onion_interference, grunt_megastairs_3
Zot:4:    layout_gridlike
Zot:5:    layout_basic

Skill      XL: |  1  2  3  4  5  6  7  8  9 10 11 12 13 14 15 16 17 18 19 20 21 22 23 24 25 26 27 |
---------------+----------------------------------------------------------------------------------+-----
Spellcasting   | 2 3 5 7 8 9 10 11 18 | 18.0
Fighting       | 1 2 4 5 6 7 9 10 11 12 13 15 16 17 18 19 20 21 26 | 26.9
Dodging        | 2 3 4 5 6 7 8 9 10 11 12 13 14 15 20 | 20.0
Short Blades   | 2 3 4 |  4.8
Invocations    | 2 5 7 8 10 11 12 13 14 15 16 17 22 | 22.2
Evocations     | 2 4 5 7 8 9 10 11 12 13 14 23 | 23.8
Axes           | 3 5 8 10 13 15 17 18 | 18.0
Armour         | 2 5 7 9 10 11 13 14 15 16 17 18 19 26 | 26.0
Shields        | 2 4 6 8 10 11 13 14 15 16 17 18 19 20 26 | 26.9
Translocations | 2 4 6 7 8 9 10 11 20 | 20.2
Stealth        | 3 4 15 | 15.0
Maces & Flails | 5 7 9 10 11 16 | 16.8
Shapeshifting  | 2 4 5 7 14 26 | 26.2
Summonings     | 18 | 18.1
Ice Magic      | |  3.6

Action                     |  1- 3 |  4- 6 |  7- 9 | 10-12 | 13-15 | 16-18 | 19-21 | 22-24 | 25-27 || total
---------------------------+-------+-------+-------+-------+-------+-------+-------+-------+-------++-------
  Melee: Whip              |    47 |       |       |       |       |       |       |       |       ||    47
         Unarmed           |     2 |       |       |       |       |       |       |       |       ||     2
         Rapier            |     7 |    65 |   151 |    15 |       |       |       |       |       ||   238
         Hand axe          |       |       |    65 |   168 |       |       |       |       |       ||   233
         Broad axe         |       |       |       |   243 |  1193 |  1577 |  1537 |  1502 |   676 ||  6728
         War axe           |       |       |       |    50 |    10 |       |       |       |       ||    60
         Eveningstar       |       |       |       |       |       |       |       |   561 |  9478 || 10039
         Headbutt          |       |       |       |       |       |       |       |       |   351 ||   351
  Throw: Dart              |       |     1 |     7 |     1 |     1 |       |       |       |       ||    10
   Cast: Freeze            |    30 |       |       |       |       |       |       |       |     1 ||    31
         Blink             |       |       |       |       |       |     5 |       |    11 |    59 ||    75
         Frozen Ramparts   |       |       |       |       |       |     3 |       |       |       ||     3
         Maxwell's Portabl |       |       |       |       |       |       |       |     2 |     3 ||     5
         Gell's Gavotte    |       |       |       |       |       |       |       |       |    11 ||    11
         Manifold Assault  |       |       |       |       |       |       |       |       |  2639 ||  2639
         Apportation       |       |       |       |       |       |       |       |       |    50 ||    50
         Summon Forest     |       |       |       |       |       |       |       |       |     4 ||     4
         Malign Gateway    |       |       |       |       |       |       |       |       |     1 ||     1
         Disjunction       |       |       |       |       |       |       |       |       |     1 ||     1
 Invoke: Slouch            |       |       |       |     1 |     1 |     3 |     4 |     6 |    15 ||    30
         Temporal Distorti |       |       |       |       |     2 |       |       |       |     1 ||     3
         Bend Time         |       |       |       |       |       |     4 |       |       |       ||     4
         Step From Time    |       |       |       |       |       |       |       |       |     2 ||     2
  Evoke: Wand              |       |       |     4 |    18 |     8 |     6 |     2 |     7 |    32 ||    77
         Phial of floods   |       |       |       |       |       |       |     1 |     1 |     5 ||     7
         Phantom mirror    |       |       |       |       |       |       |       |     2 |     7 ||     9
         Lightning rod     |       |       |       |       |       |       |       |       |    11 ||    11
         Tin of tremorston |       |       |       |       |       |       |       |       |    16 ||    16
         Sack of spiders   |       |       |       |       |       |       |       |       |     8 ||     8
         Horn of Geryon    |       |       |       |       |       |       |       |       |     8 ||     8
    Use: Scroll            |       |     5 |     8 |    13 |     9 |     6 |     5 |    10 |    22 ||    78
         Potion            |       |       |     3 |     9 |     1 |     1 |       |     4 |    33 ||    51
   Stab: Paralysed         |       |       |       |     8 |       |       |       |     1 |       ||     9
         Sleeping          |       |       |       |       |     6 |    12 |     7 |       |     2 ||    27
         Petrified         |       |       |       |       |    21 |       |       |       |     2 ||    23
         Distracted        |       |       |       |       |       |     4 |     1 |     3 |    19 ||    27
         Invisible         |       |       |       |       |       |       |       |    11 |       ||    11
         Confused          |       |       |       |       |       |       |       |       |     5 ||     5
         Held in net/web   |       |       |       |       |       |       |       |       |     2 ||     2
         Petrifying        |       |       |       |       |       |       |       |       |     1 ||     1
 Armour: Robe              |    53 |    33 |    40 |       |       |       |       |       |       ||   126
         Leather armour    |       |       |   118 |   371 |    46 |       |       |       |       ||   535
         Skin              |       |       |       |     4 |     9 |       |       |       |  1634 ||  1647
         Animal skin       |       |       |       |       |   299 |   538 |   429 |       |       ||  1266
         Plate armour      |       |       |       |       |       |       |   171 |   894 |  1367 ||  2432
  Dodge: Dodged            |    53 |    32 |   232 |   598 |   448 |   432 |   397 |   584 |  3926 ||  6702
         Repelled          |       |       |       |       |       |       |       |       |    16 ||    16
  Block: Kite shield       |       |       |       |   276 |   573 |       |       |       |       ||   849
         Reflection        |       |       |       |    22 |    42 |       |       |       |       ||    64
         Other             |       |       |       |     1 |       |       |       |       |       ||     1
         Tower shield      |       |       |       |       |   536 |  1990 |  1983 |  2910 | 10932 || 18351
   Form: Statue            |       |       |       |       |       |       |       |       |     2 ||     2
                           |       |       |       |       |       |       |       |       |     1 ||     1

Table legend: (Time is in decaauts)
 A = Elapsed time spent in this place.
 B = Non-inter-level travel time spent in this place.
 C = Inter-level travel time spent in this place.
 D = Time resting spent in this place.
 E = Time spent auto-exploring this place.
 F = Levels seen in this place.
 G = Mean time per level.
                   A        B        C        D        E       F      G
               +--------+--------+--------+--------+--------+-----+--------+
         Total | 234733 | 214195 |  20538 |   2397 | 171051 | 117 | 2006.3 |
       Dungeon |  25783 |  20429 |   5354 |    152 |  17081 |  15 | 1718.9 |
          Lair |   9867 |   8432 |   1435 |      0 |   7168 |   5 | 1973.4 |
         Swamp |   5009 |   4586 |    423 |      0 |   3520 |   4 | 1252.2 |
     Snake Pit |   6673 |   6373 |    300 |      0 |   5102 |   4 | 1668.2 |
    Slime Pits |    985 |    792 |    193 |     46 |    379 |   5 |  197.0 |
  Orcish Mines |   5042 |   2972 |   2070 |     12 |   2041 |   2 | 2521.0 |
   Elven Halls |   6866 |   5535 |   1331 |      0 |   4110 |   3 | 2288.7 |
        Vaults |  11175 |   9928 |   1247 |      0 |   7234 |   5 | 2235.0 |
         Crypt |   6240 |   5499 |    741 |      0 |   4352 |   3 | 2080.0 |
          Tomb |   4209 |   4079 |    130 |      0 |   2963 |   3 | 1403.0 |
        Depths |   9644 |   7383 |   2261 |      0 |   5777 |   4 | 2411.0 |
          Hell |   1833 |   1310 |    523 |      0 |    811 |   1 | 1833.0 |
           Dis |   9749 |   9268 |    481 |      0 |   7648 |   7 | 1392.7 |
       Gehenna |  10092 |   9132 |    960 |     81 |   8088 |   7 | 1441.7 |
       Cocytus |   8863 |   8016 |    847 |     72 |   6645 |   7 | 1266.1 |
      Tartarus |  10817 |   9756 |   1061 |      0 |   8947 |   6 | 1802.8 |
           Zot |  14611 |  13437 |   1174 |    231 |  11613 |   5 | 2922.2 |
         Abyss |    389 |    389 |      0 |      0 |     22 |   5 |   77.8 |
   Pandemonium |  84808 |  84808 |      0 |   1803 |  66306 |  21 | 4038.5 |
        Bazaar |    240 |    240 |      0 |      0 |    149 |   1 |  240.0 |
         Trove |    154 |    154 |      0 |      0 |     98 |   1 |  154.0 |
        Bailey |    534 |    534 |      0 |      0 |    285 |   1 |  534.0 |
       Volcano |    477 |    477 |      0 |      0 |    253 |   1 |  477.0 |
      Gauntlet |    660 |    660 |      0 |      0 |    450 |   1 |  660.0 |
               +--------+--------+--------+--------+--------+-----+--------+

Top non-repeatable levels by time:
   Tar:7: 7627 daAuts
   Dis:7: 6320 daAuts
   Geh:7: 5368 daAuts
   Coc:7: 3866 daAuts
   Zot:1: 3716 daAuts
   Zot:5: 3681 daAuts
   Elf:3: 3310 daAuts
Depths:2: 3151 daAuts
   Orc:2: 3135 daAuts
  Tomb:1: 2926 daAuts
Vaults:5: 2726 daAuts
   Zot:2: 2660 daAuts
 Crypt:1: 2636 daAuts
    D:15: 2508 daAuts
   Zot:4: 2481 daAuts

Levels and vault maps discovered:
D:1:      dpeg_chamrin_arrival_tetris, layout_loops_cross,
          chequers_ecumenical_altar_grove, minmay_stone_trees_large,
          minmay_misc_feat_cross
D:2:      wander_river, layout_basic
D:3:      layout_basic, uniq_grinder, uniq_crazy_yiuf_cottage
D:4:      layout_cave_pools, uniq_natasha
D:5:      dreamdust_elfheim, layout_rooms, minmay_temple_entry_trees,
          minmay_joined_circles, uniq_duvessa
D:6:      layout_loops_ring, minmay_overflow_temple_hex,
          mainiacjoe_overflow_small_starburst, gammafunk_ghost_stat_death,
          lemuel_flame_loot_1
D:7:      layout_cave_pods, nicolae_gozag_cash_rules_everything_around_me,
          jmf_multi_god_temple, uniq_maurice
D:8:      layout_basic, mainiacjoe_overflow_concentric_impassable
D:9:      layout_long_grid, nicolae_qazlal_scattered_showers, lair_entry_dummy,
          enter_bailey_7, chequers_serial_rivers_room_a
D:10:     layout_small_grid, lemuel_crystal_altar, david_orc_3,
          nicolae_trove_entry_free_sample, uniq_josephine
D:11:     layout_roguey, feat_on_display, uniq_sonja
D:12:     layout_cave_pools, moated_statue, minmay_unpleasant_kobolds,
          uniq_kirke, uniq_nergalle
D:13:     layout_basic, hangedman_vaults_entry_quadrant_bands
D:14:     layout_rooms, infiniplex_staircase_zigzag_2, gauntlet_entry_generic,
          serial_shops, nicolae_lakefront_shop
D:15:     grunt_enter_depths_magical_seal, layout_basic, nicolae_the_louvre
Lair:1:   layout_big_grid, hellmonk_guarded_unrand_zhor, lemuel_fruit_tree,
          grunt_megastairs_2, infiniplex_staircase_pool, lemuel_fruit_fields
Lair:2:   layout_loops_ring, dummy_snake_entry
Lair:3:   layout_regular_city, swamp_mist_pool, lemuel_fruit_fields,
          uniq_amaemon
Lair:4:   layout_cave_pods, slime_entry_1, serial_bayou_shore_b,
          grunt_megastairs_5, infiniplex_staircase_pool_2
Lair:5:   evilmike_catoblepas_cave, layout_loops_ring, minivault_25
Swamp:1:  layout_basic_swamp, evilmike_swamp_ruin_wall, swamp_pool_4,
          uniq_roxanne, uniq_louise
Swamp:2:  layout_basic_swamp, hangedman_swamp_pad
Swamp:3:  layout_basic_swamp, serial_swamp_ruin, evilmike_swamp_ruin_house_6,
          evilmike_swamp_ruin_house_3, evilmike_swamp_ruin_house_1,
          nicolae_swamp_tree_isthmus
Swamp:4:  swamp_old_school, layout_basic_swamp, swamp_pool_1_2,
          nicolae_swamp_bloodsuckers_inc
Snake:1:  layout_grid_shapes, basic_altar, grunt_megastairs_1,
          nicolae_triple_integral, uniq_mlioglotl, uniq_aizul, uniq_asterion
Snake:2:  layout_concentric_octagons
Snake:3:  layout_chambers, basic_altar
Snake:4:  minmay_snake_end_coiled, layout_misc_corridors, uniq_mara,
          uniq_saint_roka, uniq_vashnia
Slime:1:  layout_caves, nicolae_slime_ancient_tower_intersection
Slime:2:  layout_caves, nicolae_slime_welcoming_committee
Slime:3:  layout_caves
Slime:4:  layout_caves
Slime:5:  slime_pit_nicolae_amoeboid
Orc:1:    layout_diamond_mine, lightli_volcano_entry_magma_tube,
          trog_butcher_becter, uniq_jorgrun
Orc:2:    pf_orc_diabolical, layout_caves, mines2_david, uniq_rupert
Elf:1:    layout_loops_cross, gammafunk_ghost_cemetery, serial_shops,
          nicolae_shop_hallway_stairs, kennysheep_underground_church,
          minmay_shop_grove
Elf:2:    nicolae_elf_blades_crystal_corner, layout_onion_city
Elf:3:    minmay_elf_hall_curves, layout_geoelf_castle, serial_shops, shop
Vaults:1: vaults_room_door_ring, nicolae_vaults_cornered_office,
          vaults_room_hallway, nicolae_vaults_alarming,
          nicolae_vaults_mini_display_case, v_misc_27, ontoclasm_vaults_tryst,
          vaults_standard_mumra_x, nicolae_vaults_trapezoid_lopsided_2,
          nicolae_vaults_know_your_exits, nicolae_vaults_shrinking_rooms_2,
          nicolae_vaults_variable_pillar_hall, vaults_room_grid,
          nicolae_vaults_apartment_2, layout_vaults_omnibox, uniq_boris
Vaults:2: hangedman_vaults_snaps, vaults_dpeg_spiral,
          nicolae_vaults_hallways_thing, layout_vaults_chaotic_city,
          uniq_frederick
Vaults:3: nicolae_vaults_storage_closets_3, hangedman_vaults_stretched_pinwheel,
          v_alt_pattern_4, vaults_mumra_lcd, minmay_crypt_entry_simple_box,
          dpeg_vaults_monster_box, nicolae_vaults_tetromino_T_1,
          nicolae_vaults_shipping_containers_7,
          nicolae_vaults_network_periphery, nicolae_vaults_tetromino_T_1,
          layout_vaults_omnicross
Vaults:4: v_alt_pattern_4, nicolae_vaults_what_the_h, v_misc_30,
          nicolae_vaults_cochlea, serial_library_hellmonk_big_corner,
          nicolae_vaults_twisting_passages, nicolae_vaults_circle_grid_a,
          nicolae_vaults_yaktaur_gun_rack, vaults_standard_mumra_lines,
          nicolae_vaults_network_s, nicolae_vaults_tetromino_T_1, v_misc_8,
          layout_vaults_ring
Vaults:5
Crypt:1:  cheibrodos_crypt_down_in_the_bonehoard, layout_misc_corridors,
          st_stairs_4, grunt_crypt_arrival_split, uniq_vv
Crypt:2:  minmay_shadows, layout_rooms, hangedman_crypt_dual_shrines,
          uniq_margery, uniq_zenata, uniq_grunn
Crypt:3:  grunt_crypt_end_deaths_head
Tomb:1
Tomb:2
Tomb:3
Depths:1: layout_cave_shapes, enter_ziggurat_d, rand_demon_pan_entry_1,
          hellmouth_2, grunt_guarded_unrand_obsidian_axe
Depths:2: minmay_distorted_concentric_squares, layout_basic,
          minmay_misc_feat_square, serial_shops, bzr_entry_islet, hell_entry,
          grunt_pan_entry_in_and_out, serial_bayou_lake_a,
          infiniplex_staircase_9_rooms, uniq_norris
Depths:3: minmay_slanted_spiral_squares, layout_gridlike, serial_shops,
          nicolae_shop_rolled_up, regret_index_abyss_entry_already_here,
          grunt_hell_entry_dis_old, grunt_pan_entry_sceptre
Depths:4: grunt_crosshair, layout_gridville, hell_entry,
          chequers_serial_rivers_micro_d, moated_statue,
          hangedman_decor_clover_reticule, tso_metal_star, uniq_josephina
Hell
Dis:1:    layout_subdivisions
Dis:2:    layout_jigsaw
Dis:3:    hangedman_dis_decor_blocks_crown, layout_regular_city,
          nicolae_dis_grated_feature
Dis:4:    layout_gridville, minmay_strange_pillars
Dis:5:    layout_gridville, nicolae_hells_leichenhalle
Dis:6:    layout_subdivisions, nicolae_dis_having_a_grate_time
Dis:7:    iron_city_of_dis [dis_mu, dis_wall_6], layout_gridville,
          nicolae_dis_bowling_alley
Geh:1:    layout_gehenna_lava_caves
Geh:2:    layout_gehenna_pools_triple
Geh:3:    layout_gehenna_pools_basic, nicolae_geh_fourpack
Geh:4:    layout_gehenna_pools_basic
Geh:5:    layout_gehenna_lava_caves
Geh:6:    layout_gehenna_pools_triple
Geh:7:    geh_mu
Coc:1:    layout_cocytus_delve, nicolae_hells_seeping_fissure
Coc:2:    layout_ice_bergs
Coc:3:    layout_cocytus_delve
Coc:4:    layout_cocytus_delve
Coc:5:    layout_cocytus_water_paths
Coc:6:    layout_ice_bergs
Coc:7:    coc_dpeg
Tar:1:    layout_grid_maze
Tar:2:    layout_honeycomb, nicolae_tar_cuneiform_sun
Tar:4:    layout_cathedral_of_symmetry
Tar:5:    layout_cathedral_of_symmetry, nicolae_tar_cuneiform_bread,
          nicolae_tar_cuneiform_city, tekkud_tar_snaking_path
Tar:6:    layout_honeycomb
Tar:7:    tar_mu [tar_mu_maze]
Zot:1:    layout_basic
Zot:2:    circus_mu, layout_cathedral_of_symmetry
Zot:3:    nicolae_moth_party, layout_onion_interference, grunt_megastairs_3
Zot:4:    layout_gridlike
Zot:5:    layout_basic

Table legend: (Time is in decaauts)
 A = Elapsed time spent in this place.
 B = Non-inter-level travel time spent in this place.
 C = Inter-level travel time spent in this place.
 D = Time resting spent in this place.
 E = Time spent auto-exploring this place.
 F = Levels seen in this place.
 G = Mean time per level.
                   A        B        C        D        E       F      G
               +--------+--------+--------+--------+--------+-----+--------+
         Total | 234733 | 214195 |  20538 |   2397 | 171051 | 117 | 2006.3 |
       Dungeon |  25783 |  20429 |   5354 |    152 |  17081 |  15 | 1718.9 |
          Lair |   9867 |   8432 |   1435 |      0 |   7168 |   5 | 1973.4 |
         Swamp |   5009 |   4586 |    423 |      0 |   3520 |   4 | 1252.2 |
     Snake Pit |   6673 |   6373 |    300 |      0 |   5102 |   4 | 1668.2 |
    Slime Pits |    985 |    792 |    193 |     46 |    379 |   5 |  197.0 |
  Orcish Mines |   5042 |   2972 |   2070 |     12 |   2041 |   2 | 2521.0 |
   Elven Halls |   6866 |   5535 |   1331 |      0 |   4110 |   3 | 2288.7 |
        Vaults |  11175 |   9928 |   1247 |      0 |   7234 |   5 | 2235.0 |
         Crypt |   6240 |   5499 |    741 |      0 |   4352 |   3 | 2080.0 |
          Tomb |   4209 |   4079 |    130 |      0 |   2963 |   3 | 1403.0 |
        Depths |   9644 |   7383 |   2261 |      0 |   5777 |   4 | 2411.0 |
          Hell |   1833 |   1310 |    523 |      0 |    811 |   1 | 1833.0 |
           Dis |   9749 |   9268 |    481 |      0 |   7648 |   7 | 1392.7 |
       Gehenna |  10092 |   9132 |    960 |     81 |   8088 |   7 | 1441.7 |
       Cocytus |   8863 |   8016 |    847 |     72 |   6645 |   7 | 1266.1 |
      Tartarus |  10817 |   9756 |   1061 |      0 |   8947 |   6 | 1802.8 |
           Zot |  14611 |  13437 |   1174 |    231 |  11613 |   5 | 2922.2 |
         Abyss |    389 |    389 |      0 |      0 |     22 |   5 |   77.8 |
   Pandemonium |  84808 |  84808 |      0 |   1803 |  66306 |  21 | 4038.5 |
        Bazaar |    240 |    240 |      0 |      0 |    149 |   1 |  240.0 |
         Trove |    154 |    154 |      0 |      0 |     98 |   1 |  154.0 |
        Bailey |    534 |    534 |      0 |      0 |    285 |   1 |  534.0 |
       Volcano |    477 |    477 |      0 |      0 |    253 |   1 |  477.0 |
      Gauntlet |    660 |    660 |      0 |      0 |    450 |   1 |  660.0 |
               +--------+--------+--------+--------+--------+-----+--------+

Top non-repeatable levels by time:
   Tar:7: 7627 daAuts
   Dis:7: 6320 daAuts
   Geh:7: 5368 daAuts
   Coc:7: 3866 daAuts
   Zot:1: 3716 daAuts
   Zot:5: 3681 daAuts
   Elf:3: 3310 daAuts
Depths:2: 3151 daAuts
   Orc:2: 3135 daAuts
  Tomb:1: 2926 daAuts
Vaults:5: 2726 daAuts
   Zot:2: 2660 daAuts
 Crypt:1: 2636 daAuts
    D:15: 2508 daAuts
   Zot:4: 2481 daAuts

Table legend:
 A = Kills in this place as a percentage of kills in the entire game.
 B = Kills by you in this place as a percentage of kills by you in the entire game.
 C = Kills by friends in this place as a percentage of kills by friends in the entire game.
 D = Other kills in this place as a percentage of other kills in the entire game.
 E = Experience gained in this place as a percentage of experience gained in the entire game.
 F = Experience gained in this place divided by the number of levels of this place that you have seen.
                   A       B       C       D       E      F
               +-------+-------+-------+-------+-------+----------------------
         Total | 100.0 | 100.0 | 100.0 | 100.0 | 100.0 | 39121.6
       Dungeon |   6.7 |   6.8 |   0.0 |   0.0 |   1.5 | 4602.4
          Lair |   2.4 |   2.4 |   0.0 |   0.0 |   1.0 | 8834.6
         Swamp |   1.9 |   1.9 |   0.0 |   0.0 |   1.4 | 15714.0
     Snake Pit |   3.1 |   3.1 |   0.0 |   9.1 |   2.3 | 25837.0
    Slime Pits |   1.6 |   1.6 |   0.0 |   0.0 |   1.3 | 11863.8
  Orcish Mines |   2.5 |   2.5 |   0.0 |   0.0 |   0.7 | 16424.5
   Elven Halls |   3.6 |   3.6 |   0.0 |   9.1 |   3.2 | 48256.0
        Vaults |   5.9 |   5.9 |   0.0 |   0.0 |   6.5 | 59802.4
         Crypt |   4.2 |   4.2 |   6.2 |   4.5 |   3.8 | 57725.3
          Tomb |   4.4 |   4.3 |  18.8 |   0.0 |   4.6 | 70315.3
        Depths |   4.0 |   4.0 |   0.0 |   0.0 |   4.5 | 51809.5
          Hell |   0.9 |   0.9 |   0.0 |   9.1 |   0.8 | 38653.0
           Dis |   3.2 |   3.2 |   0.0 |   0.0 |   6.8 | 44785.7
       Gehenna |   2.5 |   2.5 |   0.0 |   0.0 |   4.6 | 30049.7
       Cocytus |   3.6 |   3.5 |  21.9 |   4.5 |   4.7 | 30506.9
      Tartarus |   3.2 |   3.3 |   0.0 |   0.0 |   5.7 | 43864.2
           Zot |   3.4 |   3.4 |  15.6 |   0.0 |   6.4 | 58690.2
         Abyss |   0.6 |   0.6 |   0.0 |   0.0 |   0.4 | 3721.6
   Pandemonium |  41.4 |  41.3 |  37.5 |  63.6 |  39.5 | 86034.1
        Bailey |   0.6 |   0.6 |   0.0 |   0.0 |   0.0 | 1298.0
       Volcano |   0.2 |   0.2 |   0.0 |   0.0 |   0.2 | 7077.0
      Gauntlet |   0.1 |   0.1 |   0.0 |   0.0 |   0.1 | 4122.0
               +-------+-------+-------+-------+-------+----------------------
